Workbook

Sheet Menu
B9: Painel de Resultados Financeiros e Operacionais | Financial and Operational Results Dashboard*
C32: Escolha aqui o idioma das informações / Select the language for the information here: | K32: PT
B35: * As informações contidas nesta planilha têm caráter meramente informativo, com base em dados históricos e públicos disponíveis até a presente data.
B36: Este material não deve ser interpretado como indicativo de desempenho futuro, tampouco como projeção ou orientação por parte da Companhia.
B37: Resultados futuros podem divergir em função de diversos fatores de risco e incertezas inerentes ao ambiente de negócios.
B39: * The information contained in this spreadsheet is for informational purposes only, based on historical and publicly available data as of the current date.
B40: This material should not be interpreted as indicative of future performance, nor as a projection or guidance by the Company.
B41: Future results may differ due to various risk factors and uncertainties inherent to the business environment.

Sheet Indicadores Op. | Op. Indicator
B7: =IF(Menu!$K$32="EN",Data!A3,Data!B3) -> RESULTADOS OPERACIONAIS | C7: =IF(Menu!$K$32="EN",Data!AR3,Data!AR4) -> 1T20 | D7: =IF(Menu!$K$32="EN",Data!AQ3,Data!AQ4) -> 2T20 | E7: =IF(Menu!$K$32="EN",Data!AP3,Data!AP4) -> 3T20 | F7: =IF(Menu!$K$32="EN",Data!AO3,Data!AO4) -> 4T20 | G7: =IF(Menu!$K$32="EN",Data!AN3,Data!AN4) -> 2020 | H7: =IF(Menu!$K$32="EN",Data!AM3,Data!AM4) -> 1T21 | I7: =IF(Menu!$K$32="EN",Data!AL3,Data!AL4) -> 2T21 | J7: =IF(Menu!$K$32="EN",Data!AK3,Data!AK4) -> 3T21 | K7: =IF(Menu!$K$32="EN",Data!AJ3,Data!AJ4) -> 4T21 | L7: =IF(Menu!$K$32="EN",Data!AI3,Data!AI4) -> 2021 | M7: =IF(Menu!$K$32="EN",Data!AH3,Data!AH4) -> 1T22 | N7: =IF(Menu!$K$32="EN",Data!AG3,Data!AG4) -> 2T22 | O7: =IF(Menu!$K$32="EN",Data!AF3,Data!AF4) -> 3T22 | P7: =IF(Menu!$K$32="EN",Data!AE3,Data!AE4) -> 4T22 | Q7: =IF(Menu!$K$32="EN",Data!AD3,Data!AD4) -> 2022 | R7: =IF(Menu!$K$32="EN",Data!AC3,Data!AC4) -> 1T23 | S7: =IF(Menu!$K$32="EN",Data!AB3,Data!AB4) -> 2T23 | T7: =IF(Menu!$K$32="EN",Data!AA3,Data!AA4) -> 3T23 | U7: =IF(Menu!$K$32="EN",Data!Z3,Data!Z4) -> 4T23 | V7: =IF(Menu!$K$32="EN",Data!Y3,Data!Y4) -> 2023 | W7: =IF(Menu!$K$32="EN",Data!X3,Data!X4) -> 1T24 | X7: =IF(Menu!$K$32="EN",Data!W3,Data!W4) -> 2T24 | Y7: =IF(Menu!$K$32="EN",Data!V3,Data!V4) -> 3T24 | Z7: =IF(Menu!$K$32="EN",Data!U3,Data!U4) -> 4T24 | AA7: =IF(Menu!$K$32="EN",Data!T3,Data!T4) -> 2024 | AB7: =IF(Menu!$K$32="EN",Data!S3,Data!S4) -> 1T25 | AC7: =IF(Menu!$K$32="EN",Data!R3,Data!R4) -> 2T25 | AD7: =IF(Menu!$K$32="EN",Data!Q3,Data!Q4) -> 3T25 | AE7: 4T25 | AF7: 2025 | AG7: 1T26 | AH7: 2T26 | AI7: 3T26
B8: =IF(Menu!$K$32="EN",Data!A5,Data!B5) -> Vendas
B9: =IF(Menu!$K$32="EN",Data!A6,Data!B6) -> Vendas Contratadas Brutas (R$ mil) | C9: 228773.69 | D9: 179688.14 | E9: 251381.94 | F9: 301372.91 | G9: 961216.68 | H9: 359862.55 | I9: 401015.39 | J9: 360455.28 | K9: 336676.03 | L9: 1458009.3 | M9: 398225.56 | N9: 405450.74 | O9: 461420.48 | P9: 542108.21 | Q9: 1807205 | R9: 592292.52 | S9: 659270.73 | T9: 746322.61 | U9: 1366140.8 | V9: 3364026.7 | W9: 732233.74 | X9: 911645.16 | Y9: 1393617.6 | Z9: 833726.19 | AA9: 3871222.7 | AB9: 928969.44 | AC9: 998837.53 | AD9: =1111369058/1000 -> 1111369.1 | AE9: 1599284 | AF9: 4638460 | AG9: 941386 | AH9: 977147 | AI9: 1035620.8
B10: =IF(Menu!$K$32="EN",Data!A7,Data!B7) -> Vendas Contratadas Brutas (Unidades) | C10: 1316 | D10: 1030 | E10: 1388 | F10: 1667 | G10: 5401 | H10: 2057 | I10: 2223 | J10: 1936 | K10: 1803 | L10: 8019 | M10: 2087 | N10: 2089 | O10: 2324 | P10: 2700 | Q10: 9200 | R10: 2809 | S10: 3063 | T10: 3450 | U10: 6547 | V10: 15869 | W10: 3045 | X10: 3907 | Y10: 6295 | Z10: 3615 | AA10: 16862 | AB10: 3948 | AC10: 3570 | AD10: 4025 | AE10: 6240 | AF10: 17783 | AG10: 3536 | AH10: 3601 | AI10: 3799
B11: =IF(Menu!$K$32="EN",Data!A8,Data!B8) -> Distratos (R$ mil) | C11: 17673.861 | D11: 25291.224 | E11: 26746.189 | F11: 17054.649 | G11: 86765.924 | H11: 24680.14 | I11: 40103.775 | J11: 34004.707 | K11: 32147.003 | L11: 130935.62 | M11: 26683.294 | N11: 25932.501 | O11: 40949.11 | P11: 23572.201 | Q11: 117137.11 | R11: 45543.425 | S11: 80394.848 | T11: 108546.64 | U11: 58683.64 | V11: 293168.55 | W11: 138663.68 | X11: 114703.28 | Y11: 113835.96 | Z11: 126582.57 | AA11: 493785.49 | AB11: 73653.91 | AC11: 104553.09 | AD11: =91171705/1000 -> 91171.705 | AE11: 51766 | AF11: 321144.71 | AG11: 99544 | AH11: 60520.867 | AI11: 260352.6
B12: =IF(Menu!$K$32="EN",Data!A9,Data!B9) -> Distratos (Unidades) | C12: 104 | D12: 150 | E12: 156 | F12: 97 | G12: 507 | H12: 141 | I12: 236 | J12: 195 | K12: 185 | L12: 757 | M12: 147 | N12: 139 | O12: 211 | P12: 118 | Q12: 615 | R12: 226 | S12: 388 | T12: 518 | U12: 279 | V12: 1411 | W12: 640 | X12: 513 | Y12: 494 | Z12: 551 | AA12: 2198 | AB12: 321 | AC12: 465 | AD12: 384 | AE12: 216 | AF12: 1386 | AG12: 400 | AH12: 250 | AI12: 1012
B13: =IF(Menu!$K$32="EN",Data!A10,Data!B10) -> Vendas Líquidas 100% Plano&Plano (R$ mil) | C13: 211099.83 | D13: 154396.91 | E13: 224635.75 | F13: 284318.26 | G13: 874450.75 | H13: 335182.41 | I13: 360911.62 | J13: 326450.57 | K13: 304529.03 | L13: 1327073.6 | M13: 371542.27 | N13: 379518.24 | O13: 420471.37 | P13: 518536.01 | Q13: 1690067.9 | R13: 546749.1 | S13: 578875.88 | T13: 637775.97 | U13: 1307457.2 | V13: 3070858.1 | W13: 593570.06 | X13: 796941.89 | Y13: 1279781.7 | Z13: 707143.62 | AA13: 3377437.2 | AB13: 855315.53 | AC13: 894284.44 | AD13: =AD9-AD11 -> 1020197.4 | AE13: 1547518 | AF13: 4317315.3 | AG13: 841843 | AH13: 916626.13 | AI13: 775268.2
B14: =IF(Menu!$K$32="EN",Data!A11,Data!B11) -> Vendas Líquidas 100% Plano&Plano (Unid.) | C14: 1212 | D14: 880 | E14: 1232 | F14: 1570 | G14: 4894 | H14: 1916 | I14: 1987 | J14: 1741 | K14: 1618 | L14: 7262 | M14: 1940 | N14: 1950 | O14: 2113 | P14: 2582 | Q14: 8585 | R14: 2583 | S14: 2675 | T14: 2932 | U14: 6268 | V14: 14458 | W14: 2405 | X14: =X10-X12 -> 3394 | Y14: =Y10-Y12 -> 5801 | Z14: 3064 | AA14: 14664 | AB14: 3627 | AC14: 3105 | AD14: 3641 | AE14: 6024 | AF14: 16397 | AG14: 3136 | AH14: 3351 | AI14: 2787
B15: =IF(Menu!$K$32="EN",Data!A12,Data!B12) -> Vendas Líquidas % Plano&Plano (R$ mil) | C15: 206814.43 | D15: 150011.56 | E15: 217955.07 | F15: 278408.32 | G15: 853189.38 | H15: 328724.3 | I15: 357115.38 | J15: 322256.4 | K15: 299073.86 | L15: 1307170 | M15: 365118.88 | N15: 370389.62 | O15: 414683.37 | P15: 510234.92 | Q15: 1660426.8 | R15: 521338.18 | S15: 547306.1 | T15: 612337.93 | U15: 1144100.5 | V15: 2825082.7 | W15: 544278.63 | X15: 745987.45 | Y15: 1216240.8 | Z15: 653094.21 | AA15: 3159601.1 | AB15: 769448.8 | AC15: 773137.06 | AD15: =929469042/1000 -> 929469.04 | AE15: 1472235 | AF15: 3944289.9 | AG15: 795994 | AH15: 828308.34 | AI15: 722389.8
B16: =IF(Menu!$K$32="EN",Data!A13,Data!B13) -> Preço Venda Médio (R$ mil / unid.) | C16: 174.17478 | D16: 175.45104 | E16: 182.33421 | F16: 181.09443 | G16: 178.67813 | H16: 174.93863 | I16: 181.63645 | J16: 187.50751 | K16: 188.21325 | L16: 182.74217 | M16: 191.51663 | N16: 194.62474 | O16: 198.9926 | P16: 200.82727 | Q16: 196.86289 | R16: 211.67212 | S16: 216.4022 | T16: 217.5225 | U16: 208.5924 | V16: =V13/V14 -> 212.39854 | W16: 246.80668 | X16: 234.80904 | Y16: 220.61398 | Z16: 230.791 | AA16: 230.32169 | AB16: 235.81901 | AC16: 288.01431 | AD16: =AD13/AD14 -> 280.19702 | AE16: 256.8921 | AF16: 263.2991 | AG16: 268.4 | AH16: 273.53809 | AI16: 278.17302
B17: =IF(Menu!$K$32="EN",Data!A14,Data!B14) -> % Distratos (R$ mil) / Vendas Brutas (R$ mil) | C17: 0.077254779 | D17: 0.14075066 | E17: 0.10639662 | F17: 0.056589855 | G17: 0.09026677 | H17: 0.068582129 | I17: 0.10000557 | J17: 0.094338212 | K17: 0.095483491 | L17: 0.089804385 | M17: 0.067005477 | N17: 0.063959683 | O17: 0.088745758 | P17: 0.043482465 | Q17: 0.064816723 | R17: 0.076893466 | S17: 0.12194512 | T17: =T11/T9 -> 0.14544198 | U17: =U11/U9 -> 0.042955778 | V17: =V11/V9 -> 0.087148106 | W17: =W11/W9 -> 0.18937079 | X17: =X11/X9 -> 0.12582009 | Y17: =Y11/Y9 -> 0.081683781 | Z17: =Z11/Z9 -> 0.15182751 | AA17: =AA11/AA9 -> 0.12755285 | ... AD17: =AD11/AD9 -> 0.08203549 | AE17: 0.032368235 | AF17: 0.0692352 | AG17: 0.106 | AH17: 0.061936297 | AI17: 0.25139761
B20: =IF(Menu!$K$32="EN",Data!A17,Data!B17) -> Lançamentos (fases)
B21: =IF(Menu!$K$32="EN",Data!A18,Data!B18) -> Lançamentos (fases) | C21: 2 | D21: 3 | E21: 8 | F21: 7 | G21: 20 | H21: 2 | I21: 8 | J21: 8 | K21: 10 | L21: 28 | M21: 3 | N21: 5 | O21: 6 | P21: 8 | Q21: 22 | R21: 5 | S21: 6 | T21: 5 | U21: 12 | V21: 28 | W21: 4 | X21: 11 | Y21: 8 | Z21: 7 | AA21: 30 | AB21: 5 | AC21: 3 | AD21: 9 | AE21: 4 | AF21: 21 | AG21: 4 | AH21: 5 | AI21: 5
B22: =IF(Menu!$K$32="EN",Data!A19,Data!B19) -> VGV 100% Plano&Plano (R$ mil) | C22: 123375.07 | D22: 248775.11 | E22: 532589.78 | F22: 528373.91 | G22: 1433113.9 | H22: 102518.4 | I22: 353717.2 | J22: 440433.57 | K22: 565366.5 | L22: 1462035.7 | M22: 267610.95 | N22: 394135.66 | O22: 423809.68 | P22: 719724.08 | Q22: 1805280.4 | R22: 530100.45 | S22: 588860.88 | T22: 527706 | U22: 1697004.3 | V22: 3343671.7 | W22: 465429.05 | X22: 1063824.4 | Y22: 1076402 | Z22: 1261747.7 | AA22: 3867403.2 | AB22: 1178134 | AC22: 1400847.2 | AD22: =2141806478/1000 -> 2141806.5 | AE22: 616932 | AF22: 5337719.7 | AG22: 986094.43 | AH22: 826004.85 | AI22: 1069922.6
B23: =IF(Menu!$K$32="EN",Data!A20,Data!B20) -> Unidades | C23: 750 | D23: 1155 | E23: 2898 | F23: 2959 | G23: 7762 | H23: 573 | I23: 1873 | J23: 2032 | K23: 2707 | L23: 7185 | M23: 1388 | N23: 1962 | O23: 1920 | P23: 3458 | Q23: 8728 | R23: 2302 | S23: 2642 | T23: 1698 | U23: 6904 | V23: 13546 | W23: 1814 | X23: 4620 | Y23: 4196 | Z23: 5597 | AA23: 16227 | AB23: 4301 | AC23: 2749 | AD23: 8436 | AE23: 2315 | AF23: 17801 | AG23: 3663 | AH23: 3138 | AI23: 3819
B24: =IF(Menu!$K$32="EN",Data!A21,Data!B21) -> Preço Venda Médio (R$ mil / unid.) | C24: 164.5001 | D24: 215.38971 | E24: 183.77839 | F24: 178.56502 | G24: 184.63204 | H24: 178.91519 | I24: 188.85062 | J24: 216.7488 | K24: 208.85353 | L24: 203.48444 | M24: 192.80328 | N24: 200.88464 | O24: 220.73421 | P24: 208.13305 | Q24: 206.8378 | R24: 230.27821 | S24: 222.88451 | T24: 310.78092 | U24: 245.80017 | V24: 246.8383 | W24: 256.5761 | X24: 230.26503 | Y24: 256.5305 | Z24: 225.43286 | AA24: 238.33137 | AB24: 273.92095 | AC24: 509.58429 | AD24: =AD22/AD23 -> 253.88887 | AE24: 266.4933 | AF24: 299.85505 | AG24: 270.1 | AH24: 263.22653 | AI24: 280.15778
B25: =IF(Menu!$K$32="EN",Data!A22,Data!B22) -> Média de Unidades por Lanç. | C25: 375 | D25: 385 | E25: 362.25 | F25: 422.71429 | G25: 388.1 | H25: 286.5 | I25: 234.125 | J25: 254 | K25: 270.7 | L25: 256.60714 | M25: 462.66667 | N25: 392.4 | O25: 320 | P25: 432.25 | Q25: 396.72727 | R25: 451.2 | S25: 428 | T25: 305.8 | U25: 565.41667 | V25: 483.78571 | W25: 453.5 | X25: 420 | Y25: 524.5 | Z25: =Z23/Z21 -> 799.57143 | AA25: 540.9 | AB25: 860.2 | AC25: 916.33333 | AD25: =AD23/AD21 -> 937.33333 | AE25: 578.75 | AF25: 847.66667 | AG25: 916 | AH25: 627.6 | AI25: 763.8
B26: =IF(Menu!$K$32="EN",Data!A23,Data!B23) -> VGV % Plano&Plano (R$ mil) | C26: 123375.07 | D26: 248764.65 | E26: 532589.78 | F26: 506362.59 | G26: 1411092.1 | H26: 102518.4 | I26: 353717.2 | J26: 440433.57 | K26: 565366.5 | L26: 1462035.7 | M26: 267610.95 | N26: 357891.8 | O26: 423809.68 | P26: 658283.06 | Q26: 1707595.5 | R26: 440145.05 | S26: 588860.88 | T26: 485018.09 | U26: 1432295.1 | V26: 2946319.2 | W26: 418136.6 | X26: 1042789.8 | Y26: 956913.12 | Z26: 1286619.5 | AA26: 3704459 | AB26: 855857.74 | AC26: 1187966.7 | AD26: =AD22 -> 2141806.5 | AE26: 607207 | AF26: 4792838 | AG26: 833629 | AH26: 781430.05 | AI26: 1012616.6
B27: =IF(Menu!$K$32="EN",Data!A24,Data!B24) -> Participação % Plano&Plano | C27: 1 | D27: 0.99995794 | E27: 1 | F27: 0.9583414 | G27: 0.98463361 | H27: 1 | I27: 1 | J27: 1 | K27: 1 | L27: 1 | M27: 1 | N27: 0.90804217 | O27: 1 | P27: 0.91463254 | Q27: 0.94588936 | R27: 0.830305 | S27: 1 | T27: 0.91910664 | U27: 0.84401383 | V27: 0.88116282 | W27: 0.89838957 | X27: 0.98022731 | Y27: 0.88899234 | Z27: 1.0197122 | AA27: 0.95786729 | AB27: 0.72645195 | AC27: 0.84803448 | AD27: =AD26/AD22 -> 1 | AE27: 0.98423651 | AF27: 0.89791863 | AG27: 0.843 | AH27: 0.94603567 | AI27: 0.94643911
B30: =IF(Menu!$K$32="EN",Data!A27,Data!B27) -> Estoque*
B31: =IF(Menu!$K$32="EN",Data!A28,Data!B28) -> Estoque VGV 100% Plano&Plano (R$ mil) | C31: 1164295.4 | D31: 1283080 | E31: 1617813.6 | F31: 1924929.3 | G31: 1924929.3 | H31: 1700886.4 | I31: 1743993.4 | J31: 1845005.5 | K31: 2095455 | L31: 2095455 | M31: =1831788313/1000 -> 1831788.3 | N31: =1951382172/1000 -> 1951382.2 | O31: =2020216958/1000 -> 2020217 | P31: 2253040 | Q31: 2253040 | R31: 2238058.5 | S31: 2265840.5 | T31: =2086555795/1000 -> 2086555.8 | U31: =2478995431/1000 -> 2478995.4 | V31: =2478995431/1000 -> 2478995.4 | W31: 2335432.8 | X31: 2581312.5 | Y31: =2316136155.7099/1000 -> 2316136.2 | Z31: 2903944.4 | AA31: 2903944.4 | AB31: 3273508.6 | AC31: 3814681.2 | AD31: =4925363025/1000 -> 4925363 | AE31: 3895610.8 | AF31: 3895610.8 | AG31: 3896491 | AH31: =3828325409/1000 -> 3828325.4 | AI31: 4176027.3
B32: =IF(Menu!$K$32="EN",Data!A29,Data!B29) -> Estoque (Unidades) | C32: 6246 | D32: 6521 | E32: 8190 | F32: 9580 | G32: 9580 | H32: 8237 | I32: 8115 | J32: 8392 | K32: 9477 | L32: 9477 | M32: 8860 | N32: 8875 | O32: 8679 | P32: 9448 | Q32: 9448 | R32: 9122 | S32: 9089 | T32: 7756 | U32: 8273 | V32: 8273 | W32: 7611 | X32: 8827 | Y32: 7285 | Z32: 9812 | AA32: 9812 | AB32: 10524 | AC32: 10180 | AD32: 14947 | AE32: 11238 | AF32: 11238 | AG32: 11765 | AH32: 11490 | AI32: 12426
B33: =IF(Menu!$K$32="EN",Data!A30,Data!B30) -> % Em Construção (unidades) | C33: 0.99183477 | D33: 0.97623064 | E33: 0.97631258 | F33: 0.98162839 | G33: 0.98162839 | H33: 0.9929586 | I33: 0.99605669 | J33: 0.99392278 | K33: 0.98997573 | L33: 0.98997573 | M33: 0.97505643 | N33: 0.97892958 | O33: 0.97419057 | P33: 0.99068586 | Q33: 0.99068586 | R33: 0.94981 | S33: 0.98509534 | T33: 0.95731786 | U33: 0.958 | V33: 0.958 | W33: 0.973 | X33: 0.99433556 | Y33: 0.99673027 | Z33: 0.9978 | AA33: 0.9978 | AB33: 0.97843025 | AC33: 0.98693517 | AD33: 0.99230615 | AE33: 0.995 | AF33: 0.995 | AG33: 0.988 | AH33: 0.97711053 | AI33: 0.96603895
B34: =IF(Menu!$K$32="EN",Data!A31,Data!B31) -> % Pronto (unidades) | C34: 0.0081652257 | D34: 0.023769361 | E34: 0.023687424 | F34: 0.018371608 | G34: 0.018371608 | H34: 0.0070413986 | I34: 0.0039433148 | J34: 0.0060772164 | K34: 0.010024269 | L34: 0.010024269 | M34: 0.024943567 | N34: 0.021070423 | O34: 0.025809425 | P34: 0.0093141406 | Q34: 0.0093141406 | R34: 0.050190002 | S34: 0.014904659 | T34: 0.042682141 | U34: 0.042 | V34: 0.042 | W34: 0.027 | X34: 0.0056644387 | Y34: 0.003269733 | Z34: 0.0022 | AA34: 0.0022 | AB34: 0.021569745 | AC34: 0.013064833 | AD34: =100%-AD33 -> 0.0076938516 | AE34: 0.005 | AF34: 0.005 | AG34: 0.012 | AH34: 0.022889469 | AI34: 0.033961049
B37: =IF(Menu!$K$32="EN",Data!A34,Data!B34) -> VSO*
B38: =IF(Menu!$K$32="EN",Data!A35,Data!B35) -> VSO Líquido 100% - Últimos 12 meses | C38: 0.399 | D38: 0.392 | E38: 0.37 | F38: 0.327 | G38: 0.327 | H38: 0.38754626 | I38: 0.43052935 | J38: 0.43001667 | K38: 0.39235943 | L38: 0.39235943 | M38: 0.41165206 | N38: 0.40685156 | O38: 0.42382516 | P38: 0.43473746 | Q38: 0.43473746 | R38: 0.47957496 | S38: 0.49221304 | T38: 0.5285231 | U38: 0.55829653 | V38: 0.55829653 | W38: 0.57187053 | X38: 0.560379 | Y38: 0.6226736 | Z38: 0.53 | AA38: 0.53 | AB38: 0.526 | AC38: 0.497 | AD38: 0.4187 | AE38: 0.5233 | AF38: 0.5233 | AG38: 0.5112 | AH38: 0.518 | AI38: 0.4855
B39: =IF(Menu!$K$32="EN",Data!A36,Data!B36) -> VSO Líquido Mercado Privado - Últimos 12 meses | C39: 0.399 | D39: 0.392 | E39: 0.37 | F39: 0.327 | G39: 0.327 | H39: 0.38754626 | I39: 0.43052935 | J39: 0.43001667 | K39: 0.39235943 | L39: 0.39235943 | M39: 0.41165206 | N39: 0.40685156 | O39: 0.42382516 | P39: 0.43473746 | Q39: 0.43473746 | R39: 0.47957496 | S39: 0.49221304 | T39: 0.5285231 | U39: 0.49474929 | V39: 0.49474929 | W39: 0.50964616 | X39: 0.50256848 | Y39: 0.54712112 | Z39: 0.50179055 | AA39: 0.50179055 | AB39: 0.49868512 | AC39: 0.4701 | AD39: 0.4187 | AE39: 0.5201 | AF39: 0.5201 | AG39: 0.5079 | AH39: 0.5142 | AI39: 0.4821

Sheet Data
A2: OPERACIONAIS | B2: OPERACIONAIS | C2: DRE | D2: DRE | E2: BALANÇO | F2: BALANÇO | G2: DFC | H2: DFC
A3: OPERATIONAL RESULT | B3: RESULTADOS OPERACIONAIS | C3: INCOME STATEMENT - CONSOLIDATED | D3: DEMONSTRAÇÃO DE RESULTADO - CONSOLIDADO | E3: BALANCE SHEET - CONSOLIDATED | F3: BALANÇO PATRIMONIAL - CONSOLIDADO | G3: CASH FLOW - CONSOLIDATED | H3: FLUXO DE CAIXA - CONSOLIDADO | O3: 2025 | P3: 4Q25 | Q3: 3Q25 | R3: 2Q25 | S3: 1Q25 | T3: 2024 | U3: 4Q24 | V3: 3Q24 | W3: 2Q24 | X3: 1Q24 | Y3: 2023 | Z3: 4Q23 | AA3: 3Q23 | AB3: 2Q23 | AC3: 1Q23 | AD3: 2022 | AE3: 4Q22 | AF3: 3Q22 | AG3: 2Q22 | AH3: 1Q22 | AI3: 2021 | AJ3: 4Q21 | AK3: 3Q21 | AL3: 2Q21 | AM3: 1Q21 | AN3: 2020 | AO3: 4Q20 | AP3: 3Q20 | AQ3: 2Q20 | AR3: 1Q20 | AS3: 2019 | AT3: 4Q19 | AU3: 3Q19 | AV3: 2Q19 | AW3: 1Q19 | AX3: 2018 | AY3: 4Q18 | AZ3: 3Q18 | BA3: 2Q18 | BB3: 1Q18 | BC3: 2017 | BD3: 4Q17 | BE3: 3Q17 | BF3: 2Q17 | BG3: 1Q17
C4: (in BRL thousand, except %) | D4: (Valores em R$ mil) | O4: 2025 | P4: 4T25 | Q4: 3T25 | R4: 2T25 | S4: 1T25 | T4: 2024 | U4: 4T24 | V4: 3T24 | W4: 2T24 | X4: 1T24 | Y4: 2023 | Z4: 4T23 | AA4: 3T23 | AB4: 2T23 | AC4: 1T23 | AD4: 2022 | AE4: 4T22 | AF4: 3T22 | AG4: 2T22 | AH4: 1T22 | AI4: 2021 | AJ4: 4T21 | AK4: 3T21 | AL4: 2T21 | AM4: 1T21 | AN4: 2020 | AO4: 4T20 | AP4: 3T20 | AQ4: 2T20 | AR4: 1T20 | AS4: 2019 | AT4: 4T19 | AU4: 3T19 | AV4: 2T19 | AW4: 1T19 | AX4: 2018 | AY4: 4T18 | AZ4: 3T18 | BA4: 2T18 | BB4: 1T18 | BC4: 2017 | BD4: 4T17 | BE4: 3T17 | BF4: 2T17 | BG4: 1T17
A5: Sales | B5: Vendas | C5: Net Revenue | D5: Receita líquida | G5: Cash Flow from Operating Activities | H5: Fluxo de caixa das atividades operacionais
A6: Gross Contracted Sales (BRL thousand) | B6: Vendas Contratadas Brutas (R$ mil) | C6: COSTS OF PROPERTIES SOLD AND SERVICES RENDERED | D6: Custos dos imóveis vendidos e dos serviços prestados | E6: ASSET (in BRL thousand, except %) | F6: ATIVO
A7: Gross Contracted Sales (Units) | B7: Vendas Contratadas Brutas (Unidades) | C7: GROSS PROFIT | D7: Lucro bruto | E7: CURRENT ASSESTS | F7: Ativo circulante | G7: Earning before income tax and social contribution | H7: Resultado antes da contribuição social e imposto de renda | R7: PT | S7: 3Q24 | T7: 2Q24 | U7: 1Q24 | V7: 4Q23 | W7: 3Q23 | X7: 2Q23 | Y7: 1Q23 | Z7: 4Q22 | AA7: 3Q22 | AB7: 2Q22 | AC7: 1Q22 | AD7: 4Q21 | AE7: 3Q21 | AF7: 2Q21 | AG7: 1Q21 | AH7: 4Q20 | AI7: 3Q20 | AJ7: 2Q20 | AK7: 1Q20 | AL7: 4Q19 | AM7: 4Q18 | AN7: 4Q17
A8: Cancellations (BRL thousands) | B8: Distratos (R$ mil) | C8: Gross Margin | D8: Margem bruta | E8: Cash and ash equivalents | F8: Caixa e equivalentes de caixa | R8: EN | S8: 3T24 | T8: 2T24 | U8: 1T24 | V8: 4T23 | W8: 3T23 | X8: 2T23 | Y8: 1T23 | Z8: 4T22 | AA8: 3T22 | AB8: 2T22 | AC8: 1T22 | AD8: 4T21 | AE8: 3T21 | AF8: 2T21 | AG8: 1T21 | AH8: 4T20 | AI8: 3T20 | AJ8: 2T20 | AK8: 1T20 | AL8: 4T19 | AM8: 4T18 | AN8: 4T17
A9: Cancellations (Units) | B9: Distratos (Unidades) | E9: Restricted financial investments | F9: Aplicações financeiras com restrições | G9: Adjustments to reconcile exercise results with resources from operational activities: | H9: Ajustes para reconciliar o resultado do exercício com recursos provenientes de atividades operacionais:
A10: Net Sales 100% Plano&Plano (BRL thousand) | B10: Vendas Líquidas 100% Plano&Plano (R$ mil) | C10: Commercial expenses | D10: Despesas comerciais | E10: Accounts receivable | F10: Contas a receber | G10: Deferred taxes on revenues | H10: Tributos diferidos sobre as receitas
A11: Net Sales 100% Plano&Plano (Units) | B11: Vendas Líquidas 100% Plano&Plano (Unid.) | C11: Administrative expenses | D11: Despesas gerais e administrativas | E11: Properties to be commercialized | F11: Imóveis a comercializar | G11: Depreciation and amortization | H11: Depreciação e amortização
A12: Net Sales % Plano&Plano (BRL thousand) | B12: Vendas Líquidas % Plano&Plano (R$ mil) | C12: Equity Income Result | D12: Resultado da equivalência patrimonial | E12: Recoverable taxes | F12: Tributos a recuperar | G12: Amortização de stand de vendas | H12: Depreciação de estandes de vendas | R12: Resultados Operacionais
A13: Average Ticket (BRL thousand / Units) | B13: Preço Venda Médio (R$ mil / unid.) | C13: Other net operational revenues (expenses) | D13: Outras receitas (despesas) operacionais líquidas | E13: Other receivables | F13: Outros créditos | G13: Amortization right-of-use assets | H13: Depreciação de direito e uso | R13: Operating Results
A14: Cancellations / Gross Sales (%) | B14: % Distratos (R$ mil) / Vendas Brutas (R$ mil) | C14: OPERATIONAL EXPENSES | D14: Despesas (receitas) operacionais | E14: NON-CURRENT ASSETS | F14: Ativo não circulante | G14: Amortization rents | H14: Amortização de arrendamentos
E15: Financial Investments | F15: Aplicações financeiras | G15: Equity Income Result | H15: Resultado de equivalência patrimonial
C16: EBIT | D16: Resultado antes das receitas (despesas) financeiras e impostos | E16: Accounts receivable | F16: Contas a receber | G16: Other results from investments | H16: Outros resultados em investimentos
A17: Launches | B17: Lançamentos (fases) | E17: Properties to be commercialized | F17: Imóveis a comercializar | G17: Financial charges on loans and financing | H17: Encargos financeiros sobre empréstimos e financiamentos
A18: Launchs (phases) | B18: Lançamentos (fases) | C18: Financial revenues | D18: Receitas financeiras | E18: Recoverable taxes | F18: Tributos a recuperar | G18: Financial charges (CRI) | H18: Encargos financeiros sobre CRI
A19: PSV 100% Plano&Plano (BRL thousand) | B19: VGV 100% Plano&Plano (R$ mil) | C19: Financial expenses | D19: Despesas financeiras | E19: Related Parties | F19: Partes relacionadas | G19: Financial charges on leases | H19: Encargos financeiros sobre arrendamentos
A20: Units | B20: Unidades | C20: FINANCIAL REVENUE (EXPENSES) | D20: Receitas (despesas) financeiras | E20: Investments | F20: Investimentos | G20: Recognition of stock option plan | H20: Reconhecimento de plano de ações
A21: Average Ticket (BRL thousand / Units) | B21: Preço Venda Médio (R$ mil / unid.) | E21: Right-of-use assets | F21: Ativos de direito de uso | G21: Reversal (Provision) for cancellation | H21: Reversão (Provisão) para distrato
A22: Average Units by Launch | B22: Média de Unidades por Lanç. | C22: EBITDA | D22: Resultado antes da contribuição social e imposto de renda | E22: Fixed assets | F22: Imobilizado | G22: Compensation revenue for cancellation | H22: Receita de indenização por distrato
A23: PSV % Plano&Plano (BRL thousand) | B23: VGV % Plano&Plano (R$ mil) | E23: Intangible | F23: Intangível | G23: Provision for cancellation in costs | H23: Provisão para distratos em custos
A24: Share % Plano&Plano | B24: Participação % Plano&Plano | C24: Income tax and social contributions - current | D24: Imposto de renda e contribuição social - corrente | E24: TOTAL ASSETS | F24: Total do ativo | G24: Provision for expected loss on credit risk | H24: Provisão para perda esperada para risco de crédito
C25: Income tax and social contributions - deferred | D25: Imposto de renda e contribuição social - diferido | E25: LIABILITIES (in BRL thousand, except %) | F25: PASSIVO | G25: Present value adjustment on accounts receivable | H25: Ajuste a valor presente em clientes
E26: CURRENT LIABILITIES | F26: Passivo circulante | G26: Provision for warranty | H26: Provisões diversas
A27: Inventory* | B27: Estoque* | C27: Net Income 100% | D27: Lucro líquido 100% | E27: Loans and financing | F27: Empréstimos e financiamentos | G27: Provision for bonuses and gratuities | H27: Provisão para prêmios e gratificações
A28: Inventory PSV 100% Plano&Plano (BRL million) | B28: Estoque VGV 100% Plano&Plano (R$ mil) | E28: Assignment of rights over receivables | F28: Cessão de recebíveis | G28: Real Estate Receivables Certificate (CRI) | H28: Certificado de Recebíveis Imobiliários - CRI | I28: Provision for Real Estate Transfer Tax (ITBI) | J28: Provisão de ITBI
A29: Inventory (Units) | B29: Estoque (Unidades) | C29: Net Margin 100% | D29: Margem Líquida 100% | E29: Derivative Financial Instruments | F29: Instrumetos financeiros derivativos | G29: Provision for contingencies | H29: Provisão para contingências
A30: Units Under Construction / Total Units Avaiable (%) | B30: % Em Construção (unidades) | E30: Suppliers | F30: Fornecedores | G30: Premium/Discount on Land Acquisition | H30: Ágio/deságio na compra de terrenos
A31: Delivered Units / Total Units Avaiable (%) | B31: % Pronto (unidades) | C31: Attributed to: | D31: Atribuível a: | E31: Real Estate acquisition payable | F31: Credores a pagar por aquisição de imóveis | G31: MTM Swap (Marked-to-Market Swap) | H31: MTM Swap (Marked-to-Market Swap)
E32: Employment and Social Security Liabilities | F32: Obrigações trabalhistas e sociais | G32: Fair value adjustment for swap transactions | H32: Ajuste ao valor justo operações de swap
C33: Net income %P&P | D33: Acionistas controladores %P&P | E33: Tax obligations | F33: Obrigações tributárias
A34: SOS* | B34: VSO* | C34: Net income non-controlling partners | D34: Acionistas não controladores | E34: Advance from customers | F34: Adiantamentos de clientes | G34: Decrease (increase) in assets: | H34: Redução (aumento) nos ativos:
A35: SOS 100% - Last 12 Months | B35: VSO Líquido 100% - Últimos 12 meses | C35: Net Margin %P&P | D35: Margem Líquida %P&P | E35: Deferred taxes and contributions | F35: Impostos e contribuições diferidos | G35: Account receivable | H35: Contas a receber
A36: SOS Private Market - Last 12 Months | B36: VSO Líquido Mercado Privado - Últimos 12 meses | C36: Result to be appropriated | D36: Resultado a apropriar (REF) | E36: Related Parties | F36: Partes relacionadas | G36: Properties to be commercialized | H36: Imóveis a comercializar
C37: Revenues to be appropriated | D37: Receitas de vendas a apropriar | E37: Warranty provision | F37: Provisões diversas | G37: Recoverable taxes | H37: Tributos a recuperar
A38: * Some historical information is unavailable | B38: * Alguma informações do histórico da Companhia não estão disponíveis | C38: (-) Projected cost of pre-sold units | D38: (-) Custo orçados de unidades vendidas | E38: Provision for cancellations | F38: Provisão para distratos | G38: Other receivables | H38: Outros créditos
C39: (=) result from pre-sales of real estate units to be appropriated | D39: (=) Resultado de vendas de imóveis a apropriar | E39: Provision for ITBI | F39: Dividendos a pagar
C40: Gross Margin of the Result to be Appropriated | D40: Margem Bruta REF | E40: Dividends payable | F40: Arrendamentos a pagar | G40: Increase (decrease) in liabilities | H40: Aumento (redução) nos passivos:
E41: Rents payable | F41: Outras contas a pagar | G41: Suppliers | H41: Fornecedores
E42: Other accounts payable | F42: Provisão de ITBI | G42: Real Estate acquisition payable | H42: Credores a pagar por aquisição de imóveis
E43: NON-CURRENT LIABILITIES | F43: Passivo não circulante | G43: Social and tax obligations | H43: Obrigações sociais e tributárias
E44: Loans and financing | F44: Empréstimos e financiamentos | G44: Provision for deferred tax liabilities | H44: Provisão de impostos de recolhimentos diferidos
E45: Assignment of rights over receivables | F45: Cessão de recebíveis | G45: Advances from customers | H45: Adiantamentos de clientes
E46: Real Estate Receivables Certificate (CRI) | F46: Certificado de Recebíveis Imobiliários - CRI | G46: Payments of income tax (IRPJ) and social contribution on net income (CSLL) taxes | H46: Pagamentos dos tributos de IRPJ e CSLL
E47: Derivative Financial Instruments | F47: Instrumetos financeiros derivativos | G47: Payments of contingencies | H47: Pagamentos de contingências
E48: Suppliers | F48: Fornecedores | G48: Right-of-use lease liabilities | H48: Direito de uso de aluguel a pagar
E49: Real Estate acquisition payable | F49: Credores a pagar por aquisição de imóveis | G49: Other liabilities to third parties - SCPs (Special Purpose Companies) | H49: Outros débitos com terceiros - SCP's
E50: Warranty provision | F50: Provisões diversas | G50: Other accounts payable | H50: Outras contas a pagar
E51: Deferred taxes and contributions | F51: Impostos e contribuições diferidos | G51: Cash flow from operating activities | H51: Caixa líquido proveniente das (utilizado nas) atividades operacionais
E52: Related Parties | F52: Partes relacionadas
E53: Other debts wiht third parties - SCP'S | F53: Outros débitos com terceiros - SCPs | G53: Cash flow from investing activities | H53: Fluxo de caixa das atividades de investimento
E54: Provision for contingencies | F54: Provisão para contingências | G54: Acquisitions and investments in investees | H54: Aquisições e aportes em investidas
E55: Provision for investments loss | F55: Provisões para perdas em investimentos | G55: Financial investments | H55: Aplicações financeiras
E56: Rents payable | F56: Arrendamentos a pagar | G56: Acquired debentures | H56: Debêntures adquiridas
E57: TOTAL LIABILITIES | F57: Total do Passivo | G57: Write-off of investments - sale of interest | H57: Baixa de investimentos - venda de participação
G58: Increase/decrease in restricted financial investments | H58: Aumento/redução em aplicações financeiras com restrições
E59: EQUITY | F59: PATRIMÔNIO LÍQUIDO | G59: Dividends received | H59: Dividendos recebidos
E60: Share capital | F60: Capital social | G60: Movement in non-controllers | H60: Movimentação em não controladores
E61: Cost of issuing shares | F61: Custo com emissão de ações | G61: Advance payment for future capital increase | H61: Adiantamento para futuro aumento de capital
E62: Tresury shares | F62: Ações em tesouraria | G62: Addition/retirement of fixed assets and intangibles | H62: Acréscimo/baixa do imobilizado e intangível
E63: Capital reserve | F63: Reserva de capital | G63: Net cash flow generated (invested) in investing activities | H63: Caixa líquido gerado pelas atividades de investimento
E64: Capital transaction between partners | F64: Transação de capital entre sócios
E65: Profit reserves | F65: Reservas de lucros | G65: Cash flow from financing activities | H65: Fluxo de caixa das atividades de financiamento
E66: Equity attbutable to controlling shareholders | F66: Patrimônio líquido atribuível aos acionistas controladores | G66: Dividends paid | H66: Dividendos pagos
E67: Minority interest | F67: Participação de acionistas não controladores | G67: Related parties | H67: Partes relacionadas
E68: TOTAL EQUITY | F68: Total do patrimônio líquido | G68: Paid-in capital | H68: Integralização de capital
G69: Acquisition of own shares for treasury maintenance | H69: Aquisição de ações próprias para manutenção em tesouraria
E70: TOTAL LIABILITIES AND EQUITY | F70: Total do passivo e patrimônio líquido | G70: Shares program recognition | H70: Alienação de ações em tesouraria - plano de opções
G71: Capitalized transaction costs | H71: Custos de transação capitalizados
G72: Payment of debentures | H72: Pagamento de debêntures
G73: Loan and financing payments | H73: Pagamento de empréstimos e financiamentos
G74: Payment of leases | H74: Pagamento de arrendamentos
G75: Debentures raised | H75: Debêntures captadas
G76: Loans and financing raised | H76: Empréstimos e financiamentos captados
G77: Net cash flow from financing activities | H77: Caixa líquido aplicado nas atividades de financiamento
G79: Net increase (decrease) in cash and cash equivalents | H79: Aumento (redução) de Caixa e equivalentes de caixa
G81: Cash and cash equivalents | H81: Caixa e equivalentes de caixa
G82: Opening balance | H82: No início do exercício
G83: Closing balance | H83: No fim do exercício
G85: Net increase (decrease) in cash and cash equivalents | H85: Aumento (redução) de Caixa e equivalentes de caixa

Sheet DRE | IS
B7: =IF(Menu!$K$32="PT",Data!D3,Data!C3) -> DEMONSTRAÇÃO DE RESULTADO - CONSOLIDADO | C7: ='Indicadores Op. | Op. Indicator'!C7 -> 1T20 | D7: ='Indicadores Op. | Op. Indicator'!D7 -> 2T20 | E7: ='Indicadores Op. | Op. Indicator'!E7 -> 3T20 | F7: ='Indicadores Op. | Op. Indicator'!F7 -> 4T20 | G7: ='Indicadores Op. | Op. Indicator'!G7 -> 2020 | H7: ='Indicadores Op. | Op. Indicator'!H7 -> 1T21 | I7: ='Indicadores Op. | Op. Indicator'!I7 -> 2T21 | J7: ='Indicadores Op. | Op. Indicator'!J7 -> 3T21 | ... AD7: ='Indicadores Op. | Op. Indicator'!AD7 -> 3T25 | AE7: 4T25 | AF7: 2025 | AG7: 1T26 | AH7: 2T26
B8: =IF(Menu!$K$32="PT",Data!D4,Data!C4) -> (Valores em R$ mil)
B9: =IF(Menu!$K$32="PT",Data!D5,Data!C5) -> Receita líquida | C9: 197491 | D9: 198046 | E9: 230326 | F9: 275089 | G9: 900952 | H9: 312261 | I9: 332832 | J9: 327959 | K9: 298208 | L9: 1271260 | M9: 316067 | N9: 339382 | O9: 400412 | P9: 436344 | Q9: 1492205 | R9: 390173.15 | S9: 485500 | T9: 556729 | U9: 639621 | V9: 2072023.1 | W9: 500528 | X9: 697552 | Y9: 718894 | Z9: 672423 | AA9: 2589397 | AB9: 608288 | AC9: 783815 | AD9: 814415 | AE9: 1075189 | AF9: 3281707 | AG9: 738328 | AH9: 914786
B10: =IF(Menu!$K$32="PT",Data!D6,Data!C6) -> Custos dos imóveis vendidos e dos serviços prestados | C10: -122473 | D10: -125973 | E10: -146698 | F10: -174192 | G10: -569336 | H10: -206561 | I10: -232386 | J10: -224821 | K10: -210723 | L10: -874491 | M10: -228463 | N10: -250861 | O10: -283421 | P10: -299539 | Q10: -1062284 | R10: -249484 | S10: -311376 | T10: -378304 | U10: -429543 | V10: -1368707 | W10: -334060 | X10: -467931 | Y10: -480867 | Z10: -450160 | AA10: -1733018 | AB10: -408600 | AC10: -520759 | AD10: -566289 | AE10: -765932 | AF10: -2261580 | AG10: -536991 | AH10: -661686
B11: =IF(Menu!$K$32="PT",Data!D7,Data!C7) -> Lucro bruto | C11: 75018 | D11: 72073 | E11: 83628 | F11: 100897 | G11: 331616 | H11: 105700 | I11: 100446 | J11: 103138 | K11: 87485 | L11: 396769 | M11: 87604 | N11: 88521 | O11: 116991 | P11: 136805 | Q11: 429921 | R11: 140689 | S11: 174124 | T11: 178425 | U11: 210078 | V11: 703316 | W11: 166468 | X11: 229621 | Y11: 238027 | Z11: 222263 | AA11: 856379 | AB11: 199688 | AC11: 263056 | AD11: 248126 | AE11: 309257 | AF11: 1020127 | AG11: 201337 | AH11: =SUM(AH9:AH10) -> 253100
B12: =IF(Menu!$K$32="PT",Data!D8,Data!C8) -> Margem bruta | C12: 0.37985528 | D12: 0.3639205 | E12: 0.36308537 | F12: 0.36677948 | G12: 0.36807288 | H12: 0.33849888 | I12: 0.3017919 | J12: 0.31448443 | K12: 0.29336906 | L12: 0.31210689 | M12: 0.27716908 | N12: 0.26082998 | O12: 0.29217656 | P12: 0.31352557 | Q12: 0.28811122 | R12: 0.36058094 | S12: 0.35864882 | T12: 0.32048807 | U12: 0.32844137 | V12: 0.33943443 | W12: 0.33258479 | X12: 0.32918119 | Y12: 0.33110166 | Z12: 0.33054045 | AA12: 0.33072526 | AB12: 0.32827871 | AC12: 0.33560981 | AD12: 0.305 | AE12: =AE11/AE9 -> 0.28763036 | AF12: =AF11/AF9 -> 0.31085255 | AG12: =AG11/AG9 -> 0.27269317 | AH12: =AH11/AH9 -> 0.27667673
B14: =IF(Menu!$K$32="PT",Data!D10,Data!C10) -> Despesas comerciais | C14: -32217 | D14: -22147 | E14: -30478 | F14: -34003 | G14: -118845 | H14: -33032 | I14: -46459 | J14: -38015 | K14: -32372 | L14: -149878 | M14: -33478 | N14: -39921 | O14: -44862 | P14: -39899 | Q14: -158160 | R14: -49374 | S14: -58465 | T14: -58586 | U14: -68751 | V14: -235176 | W14: -54754 | X14: -60801 | Y14: -71827 | Z14: -57722 | AA14: -245104 | AB14: -53820 | AC14: -68807 | AD14: -84504 | AE14: -80855 | AF14: -287986 | AG14: -73473 | AH14: -98037
B15: =IF(Menu!$K$32="PT",Data!D11,Data!C11) -> Despesas gerais e administrativas | C15: -16249 | D15: -12506 | E15: -10089 | F15: -20372 | G15: -59216 | H15: -15721 | I15: -25743 | J15: -16393 | K15: -21743 | L15: -79600 | M15: -21150 | N15: -21101 | O15: -24761 | P15: -22110 | Q15: -89122 | R15: -27591 | S15: -28144 | T15: -29208 | U15: -33177 | V15: -118120 | W15: -36114 | X15: -38345 | Y15: -38180 | Z15: -41320 | AA15: -153959 | AB15: -41835 | AC15: -50640 | AD15: -45233 | AE15: -47021 | AF15: -184729 | AG15: -46069 | AH15: -50614
B16: =IF(Menu!$K$32="PT",Data!D12,Data!C12) -> Resultado da equivalência patrimonial | C16: 0 | D16: 0 | E16: -1316 | F16: 0 | G16: 0 | H16: 0 | I16: 1 | J16: 0 | K16: -3 | L16: -2 | M16: -3 | N16: 1 | O16: -3 | P16: -459 | Q16: -464 | R16: 0 | S16: -195 | T16: -146 | U16: -132 | V16: -473 | W16: 0 | X16: -248 | Y16: 0 | Z16: -1872 | AA16: -2120 | AB16: -94 | AC16: -755 | AD16: -234 | AE16: 0 | AF16: -1083 | AG16: 0 | AH16: -151
B17: =IF(Menu!$K$32="PT",Data!D13,Data!C13) -> Outras receitas (despesas) operacionais líquidas | C17: -1760 | D17: -281 | E17: -1519 | F17: 1830 | G17: -3046 | H17: -1506 | I17: -346 | J17: -533 | K17: -1144 | L17: -3529 | M17: -4139 | N17: -2694 | O17: -4196 | P17: -9273 | Q17: -20302 | R17: -15059 | S17: -4964 | T17: -806 | U17: -8185 | V17: -29014 | W17: -18373 | X17: -11463 | Y17: 26666.939 | Z17: -4296 | AA17: -7465.0612 | AB17: -7946 | AC17: -12350 | AD17: 163 | AE17: -11167 | AF17: -31300 | AG17: -12065 | AH17: -1635
B18: =IF(Menu!$K$32="PT",Data!D14,Data!C14) -> Despesas (receitas) operacionais | C18: -50226 | D18: -34934 | E18: -43402 | F18: -52545 | G18: -181107 | H18: -50259 | I18: -72547 | J18: -54941 | K18: -55262 | L18: -233009 | M18: -58770 | N18: -63715 | O18: -73822 | P18: -71741 | Q18: -268048 | R18: -92024 | S18: -91768 | T18: -88746 | U18: -110245 | V18: -382783 | W18: -109241 | X18: -110857 | Y18: -83340.061 | Z18: -105210 | AA18: -408648.06 | AB18: -103695 | AC18: -132552 | AD18: -129808 | AE18: -139043 | AF18: -505098 | AG18: -131607 | AH18: =SUM(AH14:AH17) -> -150437
B20: =IF(Menu!$K$32="PT",Data!D16,Data!C16) -> Resultado antes das receitas (despesas) financeiras e impostos | C20: 24792 | D20: 37139 | E20: 40226 | F20: 48352 | G20: 150509 | H20: 55441 | I20: 27899 | J20: 48197 | K20: 32223 | L20: 163760 | M20: 28834 | N20: 24806 | O20: 43169 | P20: 65064 | Q20: 161873 | R20: 48665 | S20: 82356 | T20: 89679 | U20: 99833 | V20: 320533 | W20: 57227 | X20: 118764 | Y20: 154686.94 | Z20: 117053 | AA20: 447730.94 | AB20: 95993 | AC20: 130504 | AD20: 118318 | AE20: 170214 | AF20: 515029 | AG20: 69730 | AH20: =SUM(AH18,AH11) -> 102663
B22: =IF(Menu!$K$32="PT",Data!D18,Data!C18) -> Receitas financeiras | C22: 4887 | D22: 2663 | E22: 1041 | F22: 13637 | G22: 6376 | H22: 1324 | I22: 1128 | J22: 1559 | K22: 3402 | L22: 7413 | M22: 5494 | N22: 7485 | O22: 8658 | P22: 7175 | Q22: 28812 | R22: 11630 | S22: 6219 | T22: 10350 | U22: 8690 | V22: 36889 | W22: 10577 | X22: 7077 | Y22: 13260 | Z22: 46059 | AA22: 76973 | AB22: 22403 | AC22: 21632 | AD22: 26395 | AE22: 33608 | AF22: 104038 | AG22: 31890 | AH22: 31557
B23: =IF(Menu!$K$32="PT",Data!D19,Data!C19) -> Despesas financeiras | C23: -4303 | D23: -7692 | E23: -3010 | F23: -5545 | G23: -4698 | H23: -727 | I23: -4107 | J23: -2950 | K23: -1492 | L23: -9276 | M23: -4375 | N23: -6040 | O23: -7414 | P23: -6535 | Q23: -24364 | R23: -6749 | S23: -7530 | T23: -9626 | U23: -8979 | V23: -32884 | W23: -6754 | X23: -7542 | Y23: -19764 | Z23: -44297 | AA23: -78357 | AB23: -20718 | AC23: -27634 | AD23: -26854 | AE23: -34899 | AF23: -110105 | AG23: -36551 | AH23: -39823
B24: =IF(Menu!$K$32="PT",Data!D20,Data!C20) -> Receitas (despesas) financeiras | C24: 584 | D24: -5029 | E24: -1969 | F24: 8092 | G24: 1678 | H24: 597 | I24: -2979 | J24: -1391 | K24: 1910 | L24: -1863 | M24: 1119 | N24: 1445 | O24: 1244 | P24: 640 | Q24: 4448 | R24: 4881 | S24: -1311 | T24: 724 | U24: -289 | V24: 4005 | W24: 3823 | X24: -465 | Y24: -6504 | Z24: 1762 | AA24: -1384 | AB24: 1685 | AC24: -6002 | AD24: -459 | AE24: -1291 | AF24: -6067 | AG24: -4661 | AH24: =SUM(AH22:AH23) -> -8266
B26: =IF(Menu!$K$32="PT",Data!D22,Data!C22) -> Resultado antes da contribuição social e imposto de renda | C26: 25376 | D26: 32110 | E26: 38257 | F26: 56444 | G26: 152187 | H26: 56038 | I26: 24920 | J26: 46806 | K26: 34133 | L26: 161897 | M26: 29953 | N26: 26251 | O26: 44413 | P26: 65704 | Q26: 166321 | R26: 53546 | S26: 81045 | T26: 90403 | U26: 99544 | V26: 324538 | W26: 61050 | X26: 118299 | Y26: 148182.94 | Z26: 118815 | AA26: 446346.94 | AB26: 97678 | AC26: 124502 | AD26: 117859 | AE26: 168923 | AF26: 508962 | AG26: 65069 | AH26: =SUM(AH24,AH20) -> 94397
B28: =IF(Menu!$K$32="PT",Data!D24,Data!C24) -> Imposto de renda e contribuição social - corrente | C28: -4167 | D28: -3453 | E28: -5254 | F28: -5993 | G28: -18867 | H28: -4224 | I28: -7893 | J28: -6526 | K28: -7230 | L28: -25873 | M28: -6717 | N28: -7070 | O28: -8538 | P28: -7660 | Q28: -29985 | R28: -7802 | S28: -9341 | T28: -11966 | U28: -12888 | V28: -41997 | W28: -10669 | X28: -13393 | Y28: -12995 | Z28: -14895 | AA28: -51952 | AB28: -14747 | AC28: -19784 | AD28: -22055 | AE28: -20361 | AF28: -76947 | AG28: -18859 | AH28: -25549
B29: =IF(Menu!$K$32="PT",Data!D25,Data!C25) -> Imposto de renda e contribuição social - diferido | C29: -811 | D29: 290 | E29: 397 | F29: -992 | G29: -1116 | H29: -1808 | I29: 569 | J29: -217 | K29: 516 | L29: -940 | M29: -1211 | N29: 153 | O29: -1341 | P29: -1371 | Q29: -3770 | R29: -2489 | S29: -1457 | T29: -739 | U29: -941 | V29: -5626 | W29: -702 | X29: -1002 | Y29: -1699 | Z29: -427 | AA29: -3830 | AB29: -2103 | AC29: -1901 | AD29: -586 | AE29: -4725 | AF29: -9315 | AG29: -2084 | AH29: -1522
B31: =IF(Menu!$K$32="PT",Data!D27,Data!C27) -> Lucro líquido 100% | C31: 20398 | D31: 28947 | E31: 33400 | F31: 49459 | G31: 132204 | H31: 50006 | I31: 17596 | J31: 40063 | K31: 27419 | L31: 135084 | M31: 22025 | N31: 19334 | O31: 34534 | P31: 56673 | Q31: 132566 | R31: 43255 | S31: 70247 | T31: 77698 | U31: 85715 | V31: 276915 | W31: 49679 | X31: 103904 | Y31: 133488.94 | Z31: 103493 | AA31: 390564.94 | AB31: 80828 | AC31: 102817 | AD31: 95218 | AE31: 143837 | AF31: 422700 | AG31: 44126 | AH31: =SUM(AH26:AH29) -> 67326
B33: =IF(Menu!$K$32="PT",Data!D29,Data!C29) -> Margem Líquida 100% | C33: 0.10328572 | D33: 0.14616301 | E33: 0.14501185 | F33: 0.17979272 | G33: 0.14673812 | H33: 0.16014168 | I33: 0.052867513 | J33: 0.12215856 | K33: 0.09194589 | L33: 0.10625993 | M33: 0.069684592 | N33: 0.056968254 | O33: 0.086246166 | P33: 0.12988147 | Q33: 0.088839 | R33: 0.11086104 | S33: 0.14469001 | T33: 0.13956162 | U33: 0.13400905 | V33: 0.13364474 | W33: 0.099253189 | X33: 0.1489552 | Y33: 0.18568654 | Z33: 0.15391056 | AA33: 0.15083239 | AB33: 0.13287785 | AC33: 0.13117509 | AD33: =AD31/AD9 -> 0.11691582 | AE33: =AE31/AE9 -> 0.13377834 | AF33: =AF31/AF9 -> 0.12880492 | AG33: =AG31/AG9 -> 0.059764766 | AH33: =AH31/AH9 -> 0.073597541
B34: =IF(Menu!$K$32="PT",Data!D31,Data!C31) -> Atribuível a:
B35: =IF(Menu!$K$32="PT",Data!D33,Data!C33) -> Acionistas controladores %P&P | C35: 20395 | D35: 28950 | E35: 33399 | F35: 49460 | G35: 132204 | H35: 50006 | I35: 17596 | J35: 40062 | K35: 27422 | L35: 135086 | M35: 22026 | N35: 19334 | O35: 34534 | P35: 57785 | Q35: 133679 | R35: 40766 | S35: 68974 | T35: 75732 | U35: 83082 | V35: 268554 | W35: 41496.771 | X35: 95293 | Y35: 119419.94 | Z35: 87614 | AA35: 343823.71 | AB35: 66937.02 | AC35: 83539.45 | AD35: 78146 | AE35: 133387 | AF35: 362009.47 | AG35: 40804 | AH35: 52972
B36: =IF(Menu!$K$32="PT",Data!D34,Data!C34) -> Acionistas não controladores | C36: -3 | D36: 3 | E36: -1 | F36: 1 | G36: 0 | H36: 0 | I36: 0 | J36: -1 | K36: 3 | L36: 2 | M36: 1 | N36: 0 | O36: 0 | P36: 1112 | Q36: 1113 | R36: -2489 | S36: -1273 | T36: -1966 | U36: -2633 | V36: -8361 | W36: -8182.2287 | X36: -8611 | Y36: -14069 | Z36: -15879 | AA36: -46741.229 | AB36: -13890.98 | AC36: -19277.55 | AD36: -17072 | AE36: -10450 | AF36: -60690.53 | AG36: -3322 | AH36: -14354
B37: =IF(Menu!$K$32="PT",Data!D35,Data!C35) -> Margem Líquida %P&P | C37: 0.10327053 | D37: 0.14617816 | E37: 0.14500751 | F37: 0.17979636 | G37: 0.14673812 | H37: 0.16014168 | I37: 0.052867513 | J37: 0.12215551 | K37: 0.09195595 | L37: 0.1062615 | M37: 0.069687756 | N37: 0.056968254 | O37: 0.086246166 | P37: 0.13242992 | Q37: 0.089584876 | R37: 0.10448182 | S37: 0.14206797 | T37: 0.13603028 | U37: 0.12989255 | V37: 0.12960956 | W37: 0.082905994 | X37: 0.1366106 | Y37: 0.1661162 | Z37: 0.13029596 | AA37: 0.13278138 | AB37: 0.11004166 | AC37: 0.10658057 | AD37: 0.096 | AE37: 0.124 | AF37: =AF31/AF9 -> 0.12880492 | AG37: 0.055 | AH37: =AH35/AH9 -> 0.057906439
B39: =IF(Menu!$K$32="PT",Data!D36,Data!C36) -> Resultado a apropriar (REF)
B40: =IF(Menu!$K$32="PT",Data!D37,Data!C37) -> Receitas de vendas a apropriar | C40: 221304 | D40: 233151 | E40: 202794 | F40: 231276 | G40: 231276 | H40: 261019 | I40: 313248 | J40: 297261 | K40: 295929 | L40: 295929 | M40: 357850 | N40: 391244 | O40: 381629 | P40: 503847 | Q40: 503847 | R40: 676782 | S40: 764156 | T40: 871182 | U40: 1449824 | V40: 1449824 | W40: 1595302 | X40: 1710743 | Y40: =2282043868.76225/1000 -> 2282043.9 | Z40: 2254028 | AA40: 2254028 | AB40: 2529310 | AC40: 2681127 | AD40: 2849113 | AE40: 3374501 | AF40: 11434051 | AG40: 3438426 | AH40: 3443085.5
B41: =IF(Menu!$K$32="PT",Data!D38,Data!C38) -> (-) Custo orçados de unidades vendidas | C41: -113502 | D41: -135287 | E41: -140436 | F41: -128927 | G41: -128927 | H41: -150629 | I41: -193949 | J41: -192841 | K41: -195534 | L41: -195534 | M41: -243207 | N41: -261884 | O41: -248848 | P41: -320953 | Q41: -320953 | R41: -417342 | S41: -456169 | T41: -518600 | U41: -924254 | V41: -924254 | W41: -1021407 | X41: -1090209 | Y41: =-1470964751.32842/1000 -> -1470964.8 | Z41: -1445278 | AA41: -1445278 | AB41: -1608185 | AC41: -1669115 | AD41: -1766622 | AE41: -2086770 | AF41: -7130692 | AG41: -2124286 | AH41: -2160178.4
B42: =IF(Menu!$K$32="PT",Data!D39,Data!C39) -> (=) Resultado de vendas de imóveis a apropriar | C42: 107802 | D42: 97864 | E42: 62358 | F42: 102349 | G42: 102349 | H42: 110390 | I42: 119299 | J42: 104420 | K42: 100395 | L42: 100395 | M42: 114643 | N42: 129360 | O42: 132781 | P42: 182894 | Q42: 182894 | R42: 259440 | S42: 307987 | T42: 352582 | U42: 525570 | V42: 525570 | W42: 573895 | X42: 620534 | Y42: =SUM(Y40:Y41) -> 811079.12 | Z42: 808750 | AA42: =SUM(AA40:AA41) -> 808750 | AB42: =SUM(AB40:AB41) -> 921125 | AC42: 1012012 | AD42: =SUM(AD40:AD41) -> 1082491 | AE42: 1287731 | AF42: 4303359 | AG42: 1314140 | AH42: 1282907.1
B43: =IF(Menu!$K$32="PT",Data!D40,Data!C40) -> Margem Bruta REF | C43: 0.48712179 | D43: 0.41974514 | E43: 0.3074943 | F43: 0.44254051 | G43: 0.44254051 | H43: 0.4229194 | I43: 0.38084521 | J43: 0.3512738 | K43: 0.33925367 | L43: 0.33925367 | M43: 0.32036608 | N43: 0.33063766 | O43: 0.34793215 | P43: 0.36299512 | Q43: 0.36299512 | R43: 0.38334353 | S43: 0.40304205 | T43: 0.40471681 | U43: 0.36250607 | V43: 0.36250607 | W43: 0.35974066 | X43: 0.36272777 | Y43: 0.35541785 | Z43: 0.35880211 | AA43: =AA42/AA40 -> 0.35880211 | AB43: =AB42/AB40 -> 0.36418035 | AC43: 0.37745769 | AD43: =AD42/AD40 -> 0.37993965 | AE43: 0.38160635 | AF43: 0.37636346 | AG43: 0.38219232 | AH43: 0.37260391

Sheet BP | BS
B7: =IF(Menu!$K$32="PT",Data!F3,Data!E3) -> BALANÇO PATRIMONIAL - CONSOLIDADO | C7: ='Indicadores Op. | Op. Indicator'!C7 -> 1T20 | D7: ='Indicadores Op. | Op. Indicator'!D7 -> 2T20 | E7: ='Indicadores Op. | Op. Indicator'!E7 -> 3T20 | F7: ='Indicadores Op. | Op. Indicator'!F7 -> 4T20 | G7: ='Indicadores Op. | Op. Indicator'!H7 -> 1T21 | H7: ='Indicadores Op. | Op. Indicator'!I7 -> 2T21 | I7: ='Indicadores Op. | Op. Indicator'!J7 -> 3T21 | J7: ='Indicadores Op. | Op. Indicator'!K7 -> 4T21 | K7: ='Indicadores Op. | Op. Indicator'!M7 -> 1T22 | L7: ='Indicadores Op. | Op. Indicator'!N7 -> 2T22 | M7: ='Indicadores Op. | Op. Indicator'!O7 -> 3T22 | N7: ='Indicadores Op. | Op. Indicator'!P7 -> 4T22 | O7: ='Indicadores Op. | Op. Indicator'!R7 -> 1T23 | P7: ='Indicadores Op. | Op. Indicator'!S7 -> 2T23 | Q7: ='Indicadores Op. | Op. Indicator'!T7 -> 3T23 | R7: ='Indicadores Op. | Op. Indicator'!U7 -> 4T23 | S7: ='Indicadores Op. | Op. Indicator'!W7 -> 1T24 | T7: ='Indicadores Op. | Op. Indicator'!X7 -> 2T24 | U7: ='Indicadores Op. | Op. Indicator'!Y7 -> 3T24 | V7: ='Indicadores Op. | Op. Indicator'!Z7 -> 4T24 | W7: ='Indicadores Op. | Op. Indicator'!AB7 -> 1T25 | X7: ='Indicadores Op. | Op. Indicator'!AD7 -> 3T25 | Y7: ='Indicadores Op. | Op. Indicator'!AC7 -> 2T25 | Z7: 4T25 | AA7: 1T26 | AB7: 2T26
B8: =IF(Menu!$K$32="PT",Data!F6,Data!E6) -> ATIVO
B9: =IF(Menu!$K$32="PT",Data!F7,Data!E7) -> Ativo circulante | C9: 720751 | D9: 870662 | E9: 921669 | F9: 905420 | G9: 1136424 | H9: 1086739 | I9: 1086859 | J9: 1144108 | K9: 1226996 | L9: 1244855 | M9: 1288662 | N9: 1455442 | O9: 1508669 | P9: 1629932 | Q9: 1699007 | R9: 1731714 | S9: 1769205 | T9: 1736721 | U9: =SUM(U10:U15) -> 2140985 | V9: 2194860 | W9: 2122051 | X9: 3308194 | Y9: 2561497 | Z9: 3698954 | AA9: =SUM(AA10:AA15) -> 3977663 | AB9: =SUM(AB10:AB15) -> 3761849
B10: =IF(Menu!$K$32="PT",Data!F8,Data!E8) -> Caixa e equivalentes de caixa | C10: 174183 | D10: 238204 | E10: 297988 | F10: 204223 | G10: 280042 | H10: 246178 | I10: 223953 | J10: 200338 | K10: 201499 | L10: 214438.46 | M10: 191167 | N10: 254237 | O10: 191666 | P10: 161171 | Q10: 201091 | R10: 312182 | S10: 213588 | T10: 231115 | U10: 609537 | V10: 733767 | W10: 415939 | X10: 945049 | Y10: 498299 | Z10: 1093455 | AA10: 1035758 | AB10: 876613
B11: =IF(Menu!$K$32="PT",Data!F9,Data!E9) -> Aplicações financeiras com restrições | C11: 0 | D11: 0 | E11: 0 | F11: 0 | G11: 0 | H11: 0 | I11: 0 | J11: 91033 | K11: 75369 | L11: 79320.545 | M11: 94300 | N11: 85794 | O11: 72109 | P11: 163786 | Q11: 145072 | R11: 113228 | S11: 69206 | T11: 146954 | U11: 80695 | V11: 67704 | W11: 48855 | X11: 30727 | Y11: 55467 | Z11: 19508 | AA11: 11442 | AB11: 7727
B12: =IF(Menu!$K$32="PT",Data!F10,Data!E10) -> Contas a receber | C12: 136832 | D12: 141244 | E12: 104232 | F12: 151693 | G12: 241948 | H12: 192930 | I12: 183360 | J12: 154009 | K12: 185085 | L12: 175087 | M12: 196391 | N12: 274341 | O12: 375625 | P12: 422847 | Q12: 407503 | R12: 418485 | S12: 519543 | T12: 526096 | U12: 615667 | V12: 565970 | W12: 626344 | X12: 849344 | Y12: 696025 | Z12: 1186169 | AA12: 1320928 | AB12: 1247563
B13: =IF(Menu!$K$32="PT",Data!F11,Data!E11) -> Imóveis a comercializar | C13: 398049 | D13: 478701 | E13: 494211 | F13: 523351 | G13: 589093 | H13: 617032 | I13: 644731 | J13: 666014 | K13: 731810 | L13: 732933 | M13: 757017 | N13: 805027 | O13: 827718 | P13: 841208 | Q13: 898150 | R13: 844451 | S13: 906716 | T13: 774179 | U13: 764659 | V13: 760261 | W13: 936800 | X13: 1350997 | Y13: 1208119 | Z13: 1240575 | AA13: 1422519 | AB13: 1436294
B14: =IF(Menu!$K$32="PT",Data!F12,Data!E12) -> Tributos a recuperar | C14: 5109 | D14: 4581 | E14: 4609 | F14: 4088 | G14: 5343 | H14: 5136 | I14: 4898 | J14: 4993 | K14: 5169 | L14: 8303 | M14: 8943 | N14: 8571 | O14: 8328 | P14: 9322 | Q14: 9888 | R14: 10377 | S14: 10986 | T14: 11637 | U14: 13758 | V14: 3399 | W14: 4659 | X14: 5776 | Y14: 5280 | Z14: 9690 | AA14: 9690 | AB14: 17874
B15: =IF(Menu!$K$32="PT",Data!F13,Data!E13) -> Outros créditos | C15: 6578 | D15: 7932 | E15: 20629 | F15: 22065 | G15: 19998 | H15: 25463 | I15: 29917 | J15: 27721 | K15: 28064 | L15: 34773 | M15: 40844 | N15: 27472 | O15: 33223 | P15: 31598 | Q15: 37303 | R15: 32991 | S15: 49166 | T15: 46740 | U15: 56669 | V15: 63759 | W15: 89454 | X15: 126301 | Y15: 98307 | Z15: 149557 | AA15: 177326 | AB15: 175778
B16: =IF(Menu!$K$32="PT",Data!F14,Data!E14) -> Ativo não circulante | C16: 33936 | D16: 25336 | E16: 37246 | F16: 55925 | G16: 33865 | H16: 57195 | I16: 93105 | J16: 124409 | K16: 150379 | L16: 150071 | M16: 179090 | N16: 166192 | O16: 172117 | P16: 261702 | Q16: 284024 | R16: 307305 | S16: 260312 | T16: 327329 | U16: =SUM(U17:U25) -> 328600 | V16: 386319.79 | W16: 379611 | X16: 519640 | Y16: 488304 | Z16: 538906 | AA16: =SUM(AA17:AA25) -> 431573 | AB16: =SUM(AB17:AB25) -> 558574
B17: =IF(Menu!$K$32="PT",Data!F15,Data!E15) -> Aplicações financeiras | C17: 0 | D17: 0 | E17: 0 | F17: 0 | G17: 0 | H17: 35319 | I17: 0 | J17: 0 | K17: 0 | L17: 0 | M17: 0 | N17: 552 | O17: 552 | P17: 552 | Q17: 552 | R17: 626 | S17: 626 | T17: 644 | U17: 644 | V17: 644.20929 | W17: 644 | X17: 0 | Y17: 0 | Z17: 0 | AA17: 0 | AB17: 0
B18: =IF(Menu!$K$32="PT",Data!F16,Data!E16) -> Contas a receber | C18: 18505 | D18: 14200 | E18: 20605 | F18: 15859 | G18: 16946 | H18: 10370 | I18: 47142 | J18: 64188 | K18: 83003 | L18: 87422 | M18: 121870 | N18: 114318 | O18: 106237 | P18: 127064 | Q18: 150657 | R18: 151891 | S18: 158567 | T18: 218601 | U18: 235357 | V18: 261201.03 | W18: 278645 | X18: 303783 | Y18: 375205 | Z18: 250378 | AA18: 249720 | AB18: 358992
B19: =IF(Menu!$K$32="PT",Data!F17,Data!E17) -> Imóveis a comercializar | C19: 8259 | D19: 2469 | E19: 9489 | F19: 32474 | G19: 8268 | H19: 0 | I19: 29912 | J19: 44236 | K19: 47465 | L19: 41310 | M19: 35644 | N19: 27570 | O19: 42572 | P19: 98658 | Q19: 92957 | R19: 106951 | S19: 47269 | T19: 47269 | U19: 30250 | V19: 51865 | W19: 25988 | X19: 134199 | Y19: 37596 | Z19: 175742 | AA19: 61041 | AB19: 89562
B20: =IF(Menu!$K$32="PT",Data!F18,Data!E18) -> Tributos a recuperar | C20: 0 | D20: 0 | E20: 0 | F20: 0 | G20: 0 | H20: 0 | I20: 0 | J20: 0 | K20: 0 | L20: 0 | M20: 0 | N20: 0 | O20: 0 | P20: 0 | Q20: 0 | R20: 0 | S20: 0 | T20: 0 | U20: 0 | V20: 6604 | W20: 7768 | X20: 10104 | Y20: 7080 | Z20: 10926 | AA20: 16981 | AB20: 10816
B21: =IF(Menu!$K$32="PT",Data!F19,Data!E19) -> Partes relacionadas | C21: 0 | D21: 0 | E21: 0 | F21: 0 | G21: 0 | H21: 2001 | I21: 0 | J21: 0 | K21: 0 | L21: 0 | M21: 0 | N21: 0 | O21: 0 | P21: 0 | Q21: 13500 | R21: 0 | S21: 0 | T21: 0 | U21: 0 | V21: 1354 | W21: 1748 | X21: 0 | Y21: 0 | Z21: 33374 | AA21: 38249 | AB21: 37073
B22: =IF(Menu!$K$32="PT",Data!F20,Data!E20) -> Investimentos | C22: 0 | D22: 0 | E22: 0 | F22: 0 | G22: 0 | H22: 1417 | I22: 2001 | J22: 1998 | K22: 1995 | L22: 1996 | M22: 1993 | N22: 1534 | O22: 1534 | P22: 13277 | Q22: 1193 | R22: 1061 | S22: 1061 | T22: 813 | U22: 813 | V22: 1756 | W22: 1662 | X22: 900 | Y22: 1134 | Z22: 900 | AA22: 900 | AB22: 900
B23: =IF(Menu!$K$32="PT",Data!F21,Data!E21) -> Ativos de direito de uso | C23: 0 | D23: 2698 | E23: 2376 | F23: 2054 | G23: 1739 | H23: 7074 | I23: 2714 | J23: 2912 | K23: 5955 | L23: 5323 | M23: 4733 | N23: 4005 | O23: 5198 | P23: 4536 | Q23: 5470 | R23: 23962 | S23: 22800 | T23: 20812 | U23: 21365 | V23: 20260.553 | W23: 19212 | X23: 18527 | Y23: 18455 | Z23: 17538 | AA23: 16721 | AB23: 15871
B24: =IF(Menu!$K$32="PT",Data!F22,Data!E22) -> Imobilizado | C24: 7172 | D24: 5969 | E24: 4776 | F24: 5538 | G24: 6912 | H24: 1014 | I24: 10375 | J24: 10072 | K24: 9859 | L24: 11242 | M24: 11729 | N24: 14233 | O24: 11333 | P24: 11805 | Q24: 12310 | R24: 13399 | S24: 19002 | T24: 26254 | U24: 25153 | V24: 26284 | W24: 27884 | X24: 30772 | Y24: 32158 | Z24: 26975 | AA24: 24279 | AB24: 21859
B25: =IF(Menu!$K$32="PT",Data!F23,Data!E23) -> Intangível | C25: 0 | D25: 0 | E25: 0 | F25: 0 | G25: 0 | H25: 0 | I25: 961 | J25: 1003 | K25: 2102 | L25: 2778 | M25: 3121 | N25: 3980 | O25: 4691 | P25: 5810 | Q25: 7385 | R25: 9415 | S25: 10987 | T25: 12936 | U25: 15018 | V25: 16351 | W25: 16060 | X25: 21355 | Y25: 16676 | Z25: 23073 | AA25: 23682 | AB25: 23501
B26: =IF(Menu!$K$32="PT",Data!F24,Data!E24) -> Total do ativo | C26: 754687 | D26: 895998 | E26: 958915 | F26: 961345 | G26: 1170289 | H26: 1143934 | I26: 1179964 | J26: 1268517 | K26: 1377375 | L26: 1394926 | M26: 1467752 | N26: 1621634 | O26: 1680786 | P26: 1891634 | Q26: 1983031 | R26: 2039019 | S26: 2029517 | T26: 2064050 | U26: =U9+U16 -> 2469585 | V26: 2581179.8 | W26: 2501662 | X26: 3827834 | Y26: 3049801 | Z26: 4237860 | AA26: =AA16+AA9 -> 4409236 | AB26: =AB16+AB9 -> 4320423
B28: =IF(Menu!$K$32="PT",Data!F25,Data!E25) -> PASSIVO
B29: =IF(Menu!$K$32="PT",Data!F26,Data!E26) -> Passivo circulante | C29: 149097 | D29: 153165 | E29: 147295 | F29: 153063 | G29: 200128 | H29: 156433 | I29: 169779 | J29: 239360 | K29: 250171 | L29: 268232 | M29: 285905 | N29: 423466 | O29: 493483 | P29: 499049 | Q29: 571032 | R29: 657486 | S29: 622918 | T29: 551192 | U29: =SUM(U30:U46) -> 484435 | V29: 593420.27 | W29: 680215 | X29: 893730 | Y29: 684815 | Z29: 1552845 | AA29: =SUM(AA30:AA46) -> 1387619 | AB29: =SUM(AB30:AB46) -> 1251798
B30: =IF(Menu!$K$32="PT",Data!F27,Data!E27) -> Empréstimos e financiamentos | C30: 30376 | D30: 30035 | E30: 30200 | F30: 119 | G30: 0 | H30: 1369 | I30: 5133 | J30: 35260 | K30: 15070 | L30: 57792 | M30: 56744 | N30: 82140 | O30: 85196 | P30: 88905 | Q30: 148865 | R30: 134708 | S30: 125444 | T30: 103365 | U30: 0 | V30: 0 | W30: 0 | X30: 102987 | Y30: 102692 | Z30: 102866 | AA30: 103220 | AB30: 10586
B31: =IF(Menu!$K$32="PT",Data!F28,Data!E28) -> Cessão de recebíveis | X31: 78784 | Z31: 168217 | AA31: 210904 | AB31: 238675
B32: =IF(Menu!$K$32="PT",Data!H28,Data!G28) -> Certificado de Recebíveis Imobiliários - CRI | C32: 0 | D32: 0 | E32: 0 | F32: 0 | G32: 143 | H32: 228 | I32: 12288 | J32: 24533 | K32: 36522 | L32: 48910 | M32: 48854 | N32: 36336 | O32: 24244 | P32: 24244 | Q32: 0 | R32: 0 | S32: 0 | T32: 0 | U32: 1442 | V32: 30189 | W32: 31492 | X32: 78940 | Y32: 32345 | Z32: 79137 | AA32: 79848 | AB32: 79232
B33: =IF(Menu!$K$32="PT",Data!F29,Data!E29) -> Instrumetos financeiros derivativos | C33: 0 | D33: 0 | E33: 0 | F33: 0 | G33: 0 | H33: 0 | I33: 0 | J33: 0 | K33: 0 | L33: 0 | M33: 0 | N33: 0 | O33: 0 | P33: 0 | Q33: 0 | R33: 0 | S33: 0 | T33: 0 | U33: 0 | V33: 2401 | W33: 2067 | X33: 1427 | Y33: 1412 | Z33: 1023 | AA33: 1197 | AB33: 2174
B34: =IF(Menu!$K$32="PT",Data!F30,Data!E30) -> Fornecedores | C34: 25425 | D34: 27803 | E34: 24770 | F34: 22416 | G34: 26761 | H34: 35633 | I34: 43843 | J34: 37743 | K34: 45676 | L34: 49493 | M34: 45778 | N34: 45261 | O34: 47811 | P34: 57481 | Q34: 44658 | R34: 43447 | S34: 63616 | T34: 57365 | U34: 67524 | V34: 69370 | W34: 75892 | X34: 79567 | Y34: 76896 | Z34: 92370 | AA34: 113743 | AB34: 165231
B35: =IF(Menu!$K$32="PT",Data!F31,Data!E31) -> Credores a pagar por aquisição de imóveis | C35: 25371 | D35: 21100 | E35: 20637 | F35: 28920 | G35: 52822 | H35: 33738 | I35: 24691 | J35: 33243 | K35: 32163 | L35: 34510 | M35: 51638 | N35: 145004 | O35: 163274 | P35: 176792 | Q35: 195544 | R35: 203266 | S35: 185918 | T35: 150898 | U35: 167715 | V35: 163215 | W35: 365378 | X35: 266259 | Y35: 252369 | Z35: 682356 | AA35: 414069 | AB35: 369527
B36: =IF(Menu!$K$32="PT",Data!F32,Data!E32) -> Obrigações trabalhistas e sociais | C36: 7996 | D36: 9726 | E36: 11144 | F36: 15541 | G36: 12816 | H36: 17989 | I36: 21777 | J36: 19151 | K36: 20546 | L36: 20124 | M36: 23889 | N36: 25029 | O36: 23059 | P36: 23375 | Q36: 28415 | R36: 29071 | S36: 31469 | T36: 31495 | U36: 40626 | V36: 44359.76 | W36: 47151 | X36: 56665 | Y36: 44771 | Z36: 65235 | AA36: 66230 | AB36: 68335
B37: =IF(Menu!$K$32="PT",Data!F33,Data!E33) -> Obrigações tributárias | C37: 7896 | D37: 5673 | E37: 5625 | F37: 5772 | G37: 5306 | H37: 7854 | I37: 7436 | J37: 8998 | K37: 7302 | L37: 7558 | M37: 10459 | N37: 9194 | O37: 7349 | P37: 9238 | Q37: 13295 | R37: 15331 | S37: 10129 | T37: 12923 | U37: 12999 | V37: 17406.026 | W37: 16983 | X37: 26084 | Y37: 17698 | Z37: 24894 | AA37: 29528 | AB37: 28920
B38: =IF(Menu!$K$32="PT",Data!F34,Data!E34) -> Adiantamentos de clientes | C38: 32813 | D38: 32262 | E38: 27021 | F38: 20473 | G38: 25824 | H38: 28791 | I38: 25405 | J38: 19956 | K38: 29040 | L38: 31279 | M38: 29079 | N38: 20511 | O38: 67028 | P38: 67690 | Q38: 87174 | R38: 104832 | S38: 141998 | T38: 130060 | U38: 123957 | V38: 97319 | W38: 61034 | X38: 126962 | Y38: 87295 | Z38: 129056 | AA38: 143251 | AB38: 110675
B39: =IF(Menu!$K$32="PT",Data!F35,Data!E35) -> Impostos e contribuições diferidos | C39: 5042 | D39: 5351 | E39: 4168 | F39: 6443 | G39: 10091 | H39: 8232 | I39: 8049 | J39: 6303 | K39: 9037 | L39: 7316 | M39: 8370 | N39: 11714 | O39: 17168 | P39: 19199 | Q39: 19244 | R39: 20871 | S39: 14069 | T39: 16115 | U39: 20441 | V39: 24359.486 | W39: 28548 | X39: 28645 | Y39: 28487 | Z39: 42414 | AA39: 45987 | AB39: 49161
B40: =IF(Menu!$K$32="PT",Data!F36,Data!E36) -> Partes relacionadas | C40: 10075 | D40: 15585 | E40: 17775 | F40: 15239 | G40: 26832 | H40: 13108 | I40: 13346 | J40: 13600 | K40: 13867 | L40: 2517 | M40: 2517 | N40: 6272 | O40: 5742 | P40: 5742 | Q40: 5939 | R40: 8250 | S40: 8217 | T40: 8217 | U40: 8241 | V40: 16954 | W40: 8233 | X40: 5126 | Y40: 5126 | Z40: 9229 | AA40: 9229 | AB40: 11658
B41: =IF(Menu!$K$32="PT",Data!F37,Data!E37) -> Provisões diversas | C41: 3038 | D41: 3145 | E41: 3365 | F41: 3937 | G41: 5723 | H41: 7660 | I41: 4879 | J41: 5225 | K41: 5983 | L41: 6692 | M41: 6596 | N41: 8489 | O41: 10839 | P41: 13166 | Q41: 12562 | R41: 31966 | S41: 39386 | T41: 39466 | U41: 38354 | V41: 40363 | W41: 40527 | X41: 39289 | Y41: 32755 | Z41: 53064 | AA41: 67406 | AB41: 14882
B42: =IF(Menu!$K$32="PT",Data!F38,Data!E38) -> Provisão para distratos | C42: 1065 | D42: 1384 | E42: 1592 | F42: 1513 | G42: 1403 | H42: 1721 | I42: 1889 | J42: 1820 | K42: 618 | L42: 590 | M42: 678 | N42: 575 | O42: 883 | P42: 1396 | Q42: 2360 | R42: 0 | S42: 0 | T42: 0 | U42: 0 | V42: 0 | W42: 0 | X42: 0 | Y42: 0 | Z42: 0 | AA42: 0 | AB42: 0
B43: =IF(Menu!$K$32="PT",Data!F39,Data!E39) -> Dividendos a pagar | C43: 0 | D43: 0 | E43: 0 | F43: 0 | G43: 0 | H43: 0 | I43: 0 | J43: 0 | K43: 0 | L43: 0 | M43: 0 | N43: 0 | O43: 7761 | P43: 10739 | Q43: 0 | R43: 63782 | S43: 0 | T43: 0 | U43: 0 | V43: 83911 | W43: 0 | X43: 0 | Y43: 0 | Z43: 100000 | AA43: 100000 | AB43: 100000
B44: =IF(Menu!$K$32="PT",Data!F40,Data!E40) -> Arrendamentos a pagar | C44: 0 | D44: 0 | E44: 0 | F44: 31399 | G44: 31399 | H44: 0 | I44: 0 | J44: 32083 | K44: 32083 | L44: 0 | M44: 0 | N44: 31749 | O44: 31749 | P44: 0 | Q44: 1460 | R44: 1962 | S44: 2672 | T44: 1288 | U44: 3136 | V44: 3573 | W44: 2910 | X44: 2995 | Y44: 2969 | Z44: 2984 | AA44: 2737 | AB44: 2463
... B46: =IF(Menu!$K$32="PT",Data!F42,Data!E42) -> Provisão de ITBI | C46: 0 | D46: 0 | E46: 0 | F46: 0 | G46: 0 | H46: 0 | I46: 0 | J46: 0 | K46: 64 | L46: 0 | M46: 0 | N46: 3 | O46: 0 | P46: 0 | Q46: 11516 | R46: 0 | S46: 0 | T46: 0 | U46: 0 | V46: 0 | W46: 0 | X46: 0 | Y46: 0 | Z46: 0 | AA46: 0 | AB46: 0
B47: =IF(Menu!$K$32="PT",Data!F43,Data!E43) -> Passivo não circulante | C47: 489268 | D47: 597591 | E47: 597214 | F47: 578138 | G47: 690024 | H47: 698370 | I47: 682160 | J47: 711934 | K47: 795127 | L47: 778081 | M47: 798179 | N47: 789186 | O47: 734505 | P47: 867452 | Q47: 773031 | R47: 735419 | S47: 753780 | T47: 757297 | U47: =SUM(U48:U61) -> 1075599 | V47: 1072114 | W47: 956334 | X47: 1851909 | Y47: 1376603 | Z47: 1542470 | AA47: =SUM(AA48:AA61) -> 1853721 | AB47: =SUM(AB48:AB61) -> 1850332
B48: =IF(Menu!$K$32="PT",Data!F44,Data!E44) -> Empréstimos e financiamentos | C48: 251554 | D48: 322397 | E48: 344357 | F48: 290570 | G48: 312568 | H48: 283106 | I48: 257681 | J48: 310177 | K48: 336962 | L48: 345004 | M48: 359638 | N48: 414330 | O48: 382024 | P48: 437321 | Q48: 316175 | R48: 252827 | S48: 244401 | T48: 274282 | U48: 221003 | V48: 229397 | W48: 238862 | X48: 227007 | Y48: 256475 | Z48: 245193 | AA48: 284027 | AB48: 287180
B49: =IF(Menu!$K$32="PT",Data!F45,Data!E45) -> Cessão de recebíveis | X49: 59150 | Z49: 91471 | AA49: 65022 | AB49: 65173
B50: =IF(Menu!$K$32="PT",Data!F46,Data!E46) -> Certificado de Recebíveis Imobiliários - CRI | C50: 0 | D50: 0 | E50: 0 | F50: 0 | G50: 60000 | H50: 60000 | I50: 48000 | J50: 36000 | K50: 24000 | L50: 12000 | M50: 0 | N50: 0 | O50: 0 | P50: 0 | Q50: 0 | R50: 0 | S50: 0 | T50: 0 | U50: 363476 | V50: 329204 | W50: 327961 | X50: 641106 | Y50: 346291 | Z50: 666223 | AA50: 648889 | AB50: 670498
B51: =IF(Menu!$K$32="PT",Data!F47,Data!E47) -> Instrumetos financeiros derivativos | C51: 0 | D51: 0 | E51: 0 | F51: 0 | G51: 0 | H51: 0 | I51: 0 | J51: 0 | K51: 0 | L51: 0 | M51: 0 | N51: 0 | O51: 0 | P51: 0 | Q51: 0 | R51: 0 | S51: 0 | T51: 0 | U51: 8026 | V51: 24531 | W51: 20543 | X51: 17497 | Y51: 15362 | Z51: 13281 | AA51: 16272 | AB51: 25652
B52: =IF(Menu!$K$32="PT",Data!F48,Data!E48) -> Fornecedores | C52: 0 | D52: 0 | E52: 0 | F52: 0 | G52: 0 | H52: 0 | I52: 0 | J52: 0 | K52: 0 | L52: 0 | M52: 0 | N52: 0 | O52: 0 | P52: 2625 | Q52: 2625 | R52: 0 | S52: 0 | T52: 0 | U52: 0 | V52: 0 | W52: 0 | X52: 0 | Y52: 0 | Z52: 0 | AA52: 0 | AB52: 0
B53: =IF(Menu!$K$32="PT",Data!F49,Data!E49) -> Credores a pagar por aquisição de imóveis | C53: 207209 | D53: 251325 | E53: 231145 | F53: 267600 | G53: 298336 | H53: 334411 | I53: 354741 | J53: 342095 | K53: 407952 | L53: 391951 | M53: 405161 | N53: 311223 | O53: 313869 | P53: 387127 | Q53: 407468 | R53: 411256 | S53: 433036 | T53: 406287 | U53: 413096 | V53: 381011 | W53: 261348 | X53: 795695 | Y53: 651917 | Z53: 429111 | AA53: 693575 | AB53: 680479
B54: =IF(Menu!$K$32="PT",Data!F50,Data!E50) -> Provisões diversas | C54: 9299 | D54: 9492 | E54: 9346 | F54: 10260 | G54: 10260 | H54: 10260 | I54: 10260 | J54: 10600 | K54: 11015 | L54: 11826 | M54: 13771 | N54: 13771 | O54: 13771 | P54: 13771 | Q54: 17051 | R54: 17051 | S54: 17052 | T54: 17052 | U54: 23230 | V54: 23230 | W54: 23230 | X54: 19823 | Y54: 21863 | Z54: 19106 | AA54: 18907 | AB54: 35098
B55: =IF(Menu!$K$32="PT",Data!F51,Data!E51) -> Impostos e contribuições diferidos | C55: 1376 | D55: 590 | E55: 825 | F55: 645 | G55: 771 | H55: 1482 | I55: 2139 | J55: 2711 | K55: 2552 | L55: 3954 | M55: 5687 | N55: 5171 | O55: 4901 | P55: 5916 | Q55: 7436 | R55: 7817 | S55: 16027 | T55: 16027 | U55: 15248 | V55: 12217 | W55: 12539 | X55: 17917 | Y55: 16688 | Z55: 13754 | AA55: 14525 | AB55: 14525
B56: =IF(Menu!$K$32="PT",Data!F52,Data!E52) -> Partes relacionadas | C56: 12898 | D56: 4898 | E56: 2315 | F56: 2138 | G56: 1731 | H56: 1848 | I56: 1871 | J56: 1906 | K56: 1952 | L56: 1989 | M56: 1989 | N56: 2143 | O56: 2211 | P56: 2211 | Q56: 2211 | R56: 2422 | S56: 2422 | T56: 2422 | U56: 2422 | V56: 44125 | W56: 42744 | X56: 45803 | Y56: 40310 | Z56: 40754 | AA56: 50303 | AB56: 48611
B57: =IF(Menu!$K$32="PT",Data!F53,Data!E53) -> Outros débitos com terceiros - SCPs | C57: 5787 | D57: 6063 | E57: 6702 | F57: 5330 | G57: 6231 | H57: 6545 | I57: 6512 | J57: 7061 | K57: 7517 | L57: 8012 | M57: 8737 | N57: 35294 | O57: 9982 | P57: 10976 | Q57: 12803 | R57: 16809 | S57: 14517 | T57: 14817 | U57: 3810 | V57: 4321 | W57: 5249 | X57: 4443 | Y57: 4427 | Z57: 3842 | AA57: 3842 | AB57: 4202
B58: =IF(Menu!$K$32="PT",Data!F54,Data!E54) -> Provisão para contingências | C58: 1145 | D58: 1145 | E58: 1145 | F58: 934 | G58: 85 | H58: 207 | I58: 196 | J58: 112 | K58: 103 | L58: 271 | M58: 735 | N58: 4949 | O58: 4891 | P58: 5098 | Q58: 4305 | R58: 4119 | S58: 4172 | T58: 4257 | U58: 4166 | V58: 4161 | W58: 4291 | X58: 4462 | Y58: 4493 | Z58: 1391 | AA58: 1370 | AB58: 1755
B59: =IF(Menu!$K$32="PT",Data!F55,Data!E55) -> Provisões para perdas em investimentos | C59: 0 | D59: 1681 | E59: 124 | F59: 0 | G59: 0 | H59: 0 | I59: 0 | J59: 0 | K59: 0 | L59: 0 | M59: 0 | N59: 0 | O59: 0 | P59: 0 | Q59: 0 | R59: 0 | S59: 0 | T59: 0 | U59: 0 | V59: 0 | W59: 0 | X59: 0 | Y59: 0 | Z59: 0 | AA59: 0 | AB59: 0
B60: Outros contas a pagar | AA60: 39244 | AB60: 0
B61: =IF(Menu!$K$32="PT",Data!F56,Data!E56) -> Arrendamentos a pagar | C61: 0 | D61: 0 | E61: 1255 | F61: 661 | G61: 42 | H61: 511 | I61: 760 | J61: 1272 | K61: 3074 | L61: 3074 | M61: 2461 | N61: 2305 | O61: 2856 | P61: 2407 | Q61: 2957 | R61: 23118 | S61: 22153 | T61: 22153 | U61: 21122 | V61: 19917 | W61: 19567 | X61: 19006 | Y61: 18777 | Z61: 18344 | AA61: 17745 | AB61: 17159
B62: =IF(Menu!$K$32="PT",Data!F57,Data!E57) -> Total do Passivo | C62: 638365 | D62: 750756 | E62: 744509 | F62: 731201 | G62: 890152 | H62: 854803 | I62: 851939 | J62: 951294 | K62: 1045298 | L62: 1046313 | M62: 1084084 | N62: 1212652 | O62: 1227988 | P62: 1366501 | Q62: 1344063 | R62: 1392905 | S62: 1376698 | T62: 1308489 | U62: =U29+U47 -> 1560034 | V62: 1665534.3 | W62: 1636549 | X62: 2745639 | Y62: 2061418 | Z62: 3095315 | AA62: =AA47+AA29 -> 3241340 | AB62: =AB47+AB29 -> 3102130
B64: =IF(Menu!$K$32="PT",Data!F59,Data!E59) -> PATRIMÔNIO LÍQUIDO
B65: =IF(Menu!$K$32="PT",Data!F60,Data!E60) -> Capital social | C65: 10 | D65: 10 | E65: 95557 | F65: 93231 | G65: 93231 | H65: 93231 | I65: 93231 | J65: 93231 | K65: 93231 | L65: 93231 | M65: 93231 | N65: 93231 | O65: 93231 | P65: 175228 | Q65: 175228 | R65: 175228 | S65: 175228 | T65: 175228 | U65: 175228 | V65: 175228 | W65: 175228 | X65: 175228 | Y65: 175228 | Z65: 175228 | AA65: 175228 | AB65: 175228
B66: =IF(Menu!$K$32="PT",Data!F61,Data!E61) -> Custo com emissão de ações | C66: 0 | D66: 0 | E66: 0 | F66: 0 | G66: 0 | H66: 0 | I66: 0 | J66: 0 | K66: 0 | L66: 0 | M66: 0 | N66: 0 | O66: 0 | P66: -6997 | Q66: -6997 | R66: -6997 | S66: -6997 | T66: -6997 | U66: -6997 | V66: -6997 | W66: -6997 | X66: -6997 | Y66: -6997 | Z66: -6997 | AA66: -6997 | AB66: -6997
B67: =IF(Menu!$K$32="PT",Data!F62,Data!E62) -> Ações em tesouraria | C67: 0 | D67: 0 | E67: 0 | F67: 0 | G67: 0 | H67: 0 | I67: -1527 | J67: -8175 | K67: -15866 | L67: -19184 | M67: -19184 | N67: -19184 | O67: -19184 | P67: -19184 | Q67: -19184 | R67: -19184 | S67: -19184 | T67: -19184 | U67: -17053 | V67: -16295 | W67: -14810 | X67: -3169 | Y67: -3169 | Z67: -3169 | AA67: -3169 | AB67: -3054
B68: =IF(Menu!$K$32="PT",Data!F63,Data!E63) -> Reserva de capital | C68: -14980 | D68: -14980 | E68: -14550 | F68: -14547 | G68: -14547 | H68: -14547 | I68: -14188 | J68: -13680 | K68: -13160 | L68: 1907 | M68: 2428 | N68: 2944 | O68: 3505 | P68: 4031 | Q68: 4557 | R68: 5083 | S68: 5808 | T68: 6647 | U68: 6931 | V68: 7206 | W68: 7475 | X68: 8024 | Y68: 7748 | Z68: 26636 | AA68: 26903 | AB68: 27175
B69: =IF(Menu!$K$32="PT",Data!F64,Data!E64) -> Transação de capital entre sócios | C69: 0 | D69: 0 | E69: 0 | F69: 0 | G69: 0 | H69: 0 | I69: 0 | J69: 0 | K69: 0 | L69: -14547 | M69: -14547 | N69: -14547 | O69: -14547 | P69: -14547 | Q69: -14547 | R69: -14547 | S69: -14547 | T69: -14547 | U69: -14547 | V69: -14547 | W69: -14547 | X69: -14547 | Y69: -14547 | Z69: -14547 | AA69: -14547 | AB69: -14547
B70: =IF(Menu!$K$32="PT",Data!F65,Data!E65) -> Reservas de lucros | C70: 131262 | D70: 160212 | E70: 133399 | F70: 151460 | G70: 201466 | H70: 210461 | I70: 250523 | J70: 245862 | K70: 267888 | L70: 287221 | M70: 321756 | N70: 347792 | O70: 388558 | P70: 382532 | Q70: 458264 | R70: 477564 | S70: 482843 | T70: 578136 | U70: 697846 | V70: 702640 | W70: 655232 | X70: 831041 | Y70: 752895 | Z70: 846044 | AA70: 886848 | AB70: 846044
B71: Lucros Acumulados | AB71: 93776
B72: =IF(Menu!$K$32="PT",Data!F66,Data!E66) -> Patrimônio líquido atribuível aos acionistas controladores | C72: 116292 | D72: 145242 | E72: 214406 | F72: 230144 | G72: 280150 | H72: 289145 | I72: 328039 | J72: 317238 | K72: 332093 | L72: 348628 | M72: 383684 | N72: 410236 | O72: 451563 | P72: 521063 | Q72: 597321 | R72: 617147 | S72: 623151 | T72: 719283 | U72: =SUM(U65:U71) -> 841408 | V72: 847235 | W72: 801581 | X72: 989580 | Y72: 911158 | Z72: 1023195 | AA72: =SUM(AA65:AA71) -> 1064266 | AB72: =SUM(AB65:AB71) -> 1117625
B73: =IF(Menu!$K$32="PT",Data!F67,Data!E67) -> Participação de acionistas não controladores | C73: 30 | D73: 0 | E73: 0 | F73: 0 | G73: -13 | H73: -14 | I73: -14 | J73: -15 | K73: -16 | L73: -15 | M73: -16 | N73: -1254 | O73: 1235 | P73: 4070 | Q73: 41647 | R73: 28967 | S73: 29668 | T73: 36278 | U73: 68143 | V73: 68411 | W73: 63532 | X73: 92615 | Y73: 77225 | Z73: 119350 | AA73: 103630 | AB73: 100668
B74: =IF(Menu!$K$32="PT",Data!F68,Data!E68) -> Total do patrimônio líquido | C74: 116322 | D74: 145242 | E74: 214406 | F74: 230144 | G74: 280137 | H74: 289131 | I74: 328025 | J74: 317223 | K74: 332077 | L74: 348613 | M74: 383668 | N74: 408982 | O74: 452798 | P74: 525133 | Q74: 638968 | R74: 646114 | S74: 652819 | T74: =SUM(T72:T73) -> 755561 | U74: =SUM(U72:U73) -> 909551 | V74: 915646 | W74: 865113 | X74: 1082195 | Y74: 988383 | Z74: 1142545 | AA74: =AA73+AA72 -> 1167896 | AB74: =AB73+AB72 -> 1218293
B76: =IF(Menu!$K$32="PT",Data!F70,Data!E70) -> Total do passivo e patrimônio líquido | C76: 754687 | D76: 895998 | E76: 958915 | F76: 961345 | G76: 1170289 | H76: 1143934 | I76: 1179964 | J76: 1268517 | K76: 1377375 | L76: 1394926 | M76: 1467752 | N76: 1621634 | O76: 1680786 | P76: 1891634 | Q76: 1983031 | R76: 2039019 | S76: 2029517 | T76: 2064050 | U76: =U62+U74 -> 2469585 | V76: 2581180.3 | W76: 2501662 | X76: 3827834 | Y76: 3049801 | Z76: 4237860 | AA76: =AA74+AA62 -> 4409236 | AB76: =AB74+AB62 -> 4320423

Sheet DFC | CFS
B7: =IF(Menu!$K$32="PT",Data!H3,Data!G3) -> FLUXO DE CAIXA - CONSOLIDADO | C7: ='Indicadores Op. | Op. Indicator'!C7 -> 1T20 | D7: ='Indicadores Op. | Op. Indicator'!D7 -> 2T20 | E7: ='Indicadores Op. | Op. Indicator'!E7 -> 3T20 | F7: ='Indicadores Op. | Op. Indicator'!F7 -> 4T20 | G7: ='Indicadores Op. | Op. Indicator'!H7 -> 1T21 | H7: ='Indicadores Op. | Op. Indicator'!I7 -> 2T21 | I7: ='Indicadores Op. | Op. Indicator'!J7 -> 3T21 | J7: ='Indicadores Op. | Op. Indicator'!K7 -> 4T21 | K7: ='Indicadores Op. | Op. Indicator'!M7 -> 1T22 | L7: ='Indicadores Op. | Op. Indicator'!N7 -> 2T22 | M7: ='Indicadores Op. | Op. Indicator'!O7 -> 3T22 | N7: ='Indicadores Op. | Op. Indicator'!P7 -> 4T22 | O7: ='Indicadores Op. | Op. Indicator'!R7 -> 1T23 | P7: ='Indicadores Op. | Op. Indicator'!S7 -> 2T23 | Q7: ='Indicadores Op. | Op. Indicator'!T7 -> 3T23 | R7: ='Indicadores Op. | Op. Indicator'!U7 -> 4T23 | S7: ='Indicadores Op. | Op. Indicator'!W7 -> 1T24 | T7: ='Indicadores Op. | Op. Indicator'!X7 -> 2T24 | U7: ='Indicadores Op. | Op. Indicator'!Y7 -> 3T24 | V7: ='Indicadores Op. | Op. Indicator'!Z7 -> 4T24 | W7: ='Indicadores Op. | Op. Indicator'!AB7 -> 1T25 | X7: ='Indicadores Op. | Op. Indicator'!AC7 -> 2T25 | Y7: ='Indicadores Op. | Op. Indicator'!AD7 -> 3T25 | Z7: 4T25 | AA7: 2T26 | AB7: 1T26
B8: =IF(Menu!$K$32="PT",Data!H5,Data!G5) -> Fluxo de caixa das atividades operacionais
B9: =IF(Menu!$K$32="PT",Data!H7,Data!G7) -> Resultado antes da contribuição social e imposto de renda | C9: 25376 | D9: 57486 | E9: 95743 | F9: 152187 | G9: 56038 | H9: 80958 | I9: 127764 | J9: 161897 | K9: 29953 | L9: 56204 | M9: 100617 | N9: 166321 | O9: 53546 | P9: 81045 | Q9: 224994 | R9: 324538 | S9: 61050 | T9: 179349 | U9: 327532 | V9: 446347 | W9: 97678 | X9: 222180 | Y9: 340039 | Z9: 508962 | AA9: 159466 | AB9: 65069
B10: =IF(Menu!$K$32="PT",Data!H9,Data!G9) -> Ajustes para reconciliar o resultado do exercício com recursos provenientes de atividades operacionais: | P10: 0
B11: =IF(Menu!$K$32="PT",Data!H10,Data!G10) -> Tributos diferidos sobre as receitas | C11: 4433 | D11: 941 | E11: -10 | F11: 1092 | G11: 3774 | H11: 2626 | I11: 3100 | J11: 1926 | K11: 2575 | L11: 2256 | M11: 5043 | N11: 7871 | O11: 5184 | P11: 3046 | Q11: 9795 | R11: 11803 | S11: 1408 | T11: 3454 | U11: 7001 | V11: 7888 | W11: 4511 | X11: 8599 | Y11: 9986 | Z11: 19592 | AA11: 7518 | AB11: 4344
B12: Diferença a identificar/conciliar | AA12: 0
B13: =IF(Menu!$K$32="PT",Data!H11,Data!G11) -> Depreciação e amortização | C13: 0 | D13: 8201 | E13: 14051 | F13: 280 | G13: 187 | H13: 379 | I13: 530 | J13: 696 | K13: 190 | L13: 498 | M13: 826 | N13: 1338 | O13: 418 | P13: 338 | Q13: 1215 | R13: 1708 | S13: 748 | T13: 2269 | U13: 3822 | V13: 4029 | W13: 1063 | X13: 1583 | Y13: 3728 | Z13: 4251 | AA13: 12750 | AB13: 5808
B14: =IF(Menu!$K$32="PT",Data!H12,Data!G12) -> Depreciação de estandes de vendas | C14: 0 | D14: 0 | E14: 0 | F14: 14500 | G14: 5033 | H14: 10670 | I14: 13314 | J14: 18608 | K14: 1703 | L14: 9998 | M14: 14991 | N14: 18129 | O14: 3094 | P14: 484 | Q14: 7966 | R14: 12000 | S14: 2495 | T14: 4612 | U14: 8297 | V14: 11113 | W14: 4033 | X14: 7202 | Y14: 10746 | Z14: 15146 | AA14: 0 | AB14: 3871
B15: =IF(Menu!$K$32="PT",Data!H13,Data!G13) -> Depreciação de direito e uso | C15: 0 | D15: 0 | E15: 0 | F15: 0 | G15: 0 | H15: 0 | J15: 0 | K15: 598 | L15: 1230 | M15: 1771 | N15: 2839 | O15: 428 | P15: 624 | Q15: 1648 | R15: 3321 | S15: 1159 | T15: 2006 | U15: 2832 | V15: 3663 | W15: 875 | X15: 1561 | Y15: 2407 | Z15: 3396 | AA15: 0 | AB15: 817
B16: =IF(Menu!$K$32="PT",Data!H14,Data!G14) -> Amortização de arrendamentos | C16: 0 | D16: 0 | E16: 0 | F16: 1174 | G16: 315 | H16: 637 | I16: 1143 | J16: 1651 | K16: 0 | L16: 0 | M16: 0 | N16: 0 | O16: 0 | P16: 0 | Q16: 0 | R16: 0 | S16: 0 | T16: 0 | U16: 0 | V16: 0 | W16: 0 | X16: 0 | Y16: 0 | Z16: 0 | AA16: 0 | AB16: 0
B17: =IF(Menu!$K$32="PT",Data!H15,Data!G15) -> Resultado de equivalência patrimonial | C17: 258 | D17: 0 | E17: 1316 | F17: 0 | G17: 0 | H17: -1 | I17: -1 | J17: 2 | K17: 3 | L17: 2 | M17: 5 | N17: 464 | O17: 0 | P17: 195 | Q17: 341 | R17: 473 | S17: 0 | T17: 248 | U17: 248 | V17: 2120 | W17: 94 | X17: 849 | Y17: 1083 | Z17: 1083 | AA17: 151 | AB17: 0
B18: =IF(Menu!$K$32="PT",Data!H16,Data!G16) -> Outros resultados em investimentos | C18: 0 | D18: 0 | E18: 0 | F18: 0 | G18: 0 | H18: 0 | I18: 0 | J18: 0 | K18: 0 | L18: 0 | M18: 0 | N18: 0 | O18: 0 | P18: 0 | Q18: 0 | R18: 0 | S18: 0 | T18: 0 | U18: 0 | V18: 0 | W18: 0 | X18: 0 | Y18: 0 | Z18: 0 | AA18: 0 | AB18: 0
B19: =IF(Menu!$K$32="PT",Data!H17,Data!G17) -> Encargos financeiros sobre empréstimos e financiamentos | C19: 607 | D19: 551 | E19: 1029 | F19: 829 | G19: 0 | H19: 1 | I19: 0 | J19: 0 | K19: 2586 | L19: 3186 | M19: 6220 | N19: 14014 | O19: 3117 | P19: 11995 | Q19: 22782 | R19: 19936 | S19: 3735 | T19: 3404 | U19: 4906 | V19: 4977 | W19: 92 | X19: 2861 | Y19: 3017 | Z19: 11456 | AA19: 3650 | AB19: 3650
B20: =IF(Menu!$K$32="PT",Data!H18,Data!G18) -> Encargos financeiros sobre CRI | C20: 0 | D20: 0 | E20: 0 | F20: 0 | G20: 143 | H20: 943 | I20: 1003 | J20: 1823 | K20: 1699 | L20: 2478 | M20: 2604 | N20: 4024 | O20: 1255 | P20: 0 | Q20: 2146 | R20: 2146 | S20: 0 | T20: 0 | U20: 374 | V20: 14781 | W20: 12744 | X20: 23721 | Y20: 41638 | Z20: 64900 | AA20: 49002 | AB20: 23756
B21: =IF(Menu!$K$32="PT",Data!H19,Data!G19) -> Encargos financeiros sobre arrendamentos | C21: 0 | D21: 0 | E21: 0 | F21: 416 | G21: 129 | H21: 450 | I21: 407 | J21: 243 | K21: 449 | L21: 304 | M21: 227 | N21: 355 | O21: -84 | P21: -54 | Q21: -226 | R21: 1191 | S21: 370 | T21: 1151 | U21: 1781 | V21: 2161 | W21: 387 | X21: 788 | Y21: 1540 | Z21: 1224 | AA21: 385 | AB21: 384
B22: =IF(Menu!$K$32="PT",Data!H20,Data!G20) -> Reconhecimento de plano de ações | C22: 0 | D22: 0 | E22: 0 | F22: 0 | G22: 0 | H22: 0 | I22: 0 | J22: 0 | K22: 0 | L22: 1040 | M22: 1561 | N22: 2077 | O22: 561 | P22: 526 | Q22: 1613 | R22: 2139 | S22: 725 | T22: 1564 | U22: 1848 | V22: 2123 | W22: 269 | X22: 542 | Y22: 817 | Z22: 1046 | AA22: 539 | AB22: 267
B23: =IF(Menu!$K$32="PT",Data!H21,Data!G21) -> Reversão (Provisão) para distrato | C23: 0 | D23: 0 | E23: 0 | F23: 4831 | G23: 3720 | H23: 984 | I23: -87 | J23: -1409 | K23: 1440 | L23: -1293 | M23: 1066 | N23: -2539 | O23: 15613 | P23: 5413 | Q23: 55202 | R23: 76681 | S23: 25687 | T23: -4030 | U23: 13908 | V23: 23930 | W23: 17376 | X23: 1497 | Y23: 26534 | Z23: 34872 | AA23: -6606 | AB23: 27303
B24: =IF(Menu!$K$32="PT",Data!H22,Data!G22) -> Receita de indenização por distrato | C24: 0 | D24: 0 | E24: 0 | F24: 65 | G24: 49 | H24: -93 | I24: -168 | J24: -137 | K24: 197 | L24: 225 | M24: 138 | N24: 241 | O24: -309 | P24: -513 | Q24: -1785 | R24: -2470 | S24: -1710 | T24: -1929 | U24: -1315 | V24: -2125 | W24: -486 | X24: -266 | Y24: -1828 | Z24: 6722 | AA24: -6590 | AB24: -7896
B25: =IF(Menu!$K$32="PT",Data!H23,Data!G23) -> Provisão para distratos em custos | C25: -1927 | D25: 3102 | E25: 971 | F25: -2592 | G25: -2263 | H25: -1236 | I25: -532 | J25: 45 | K25: -1311 | L25: 504 | M25: -907 | N25: 1535 | O25: -10621 | P25: -3193 | Q25: -35862 | R25: -49043 | S25: -11096 | T25: 6371 | U25: -5118 | V25: -11165 | W25: -10739 | X25: -1561 | Y25: -16134 | Z25: -30586 | AA25: 11141 | AB25: -15780
B26: =IF(Menu!$K$32="PT",Data!H24,Data!G24) -> Provisão para perda esperada para risco de crédito | C26: 1205 | D26: 1066 | E26: 974 | F26: -18 | G26: 606 | H26: 638 | I26: 1202 | J26: 1797 | K26: 3680 | L26: 5879 | M26: 9350 | N26: 12776 | O26: 12958 | P26: 1562 | Q26: 16641 | R26: 23679 | S26: 17988 | T26: 29205 | U26: 2637 | V26: 5874 | W26: 6587 | X26: 22373 | Y26: 20654 | Z26: 33298 | AA26: 20901 | AB26: 14062
B27: =IF(Menu!$K$32="PT",Data!H25,Data!G25) -> Ajuste a valor presente em clientes | C27: 55 | D27: -867 | E27: -1828 | F27: -1760 | G27: 181 | H27: 357 | I27: 3228 | J27: 3652 | K27: 3624 | L27: 6643 | M27: 14396 | N27: 8882 | O27: -5304 | P27: 9111 | Q27: 3686 | R27: 5574 | S27: -402 | T27: 2789 | U27: 8051 | V27: 13342 | W27: -1897 | X27: 4069 | Y27: 4908 | Z27: 8834 | AA27: 9476 | AB27: -2432
... B29: =IF(Menu!$K$32="PT",Data!H27,Data!G27) -> Provisão para prêmios e gratificações | C29: 0 | D29: 0 | E29: 0 | F29: 0 | G29: 0 | H29: 0 | I29: 0 | J29: 0 | K29: 0 | L29: 5375 | M29: 0 | N29: 0 | O29: 0 | P29: 0 | Q29: 0 | R29: 0 | S29: 0 | T29: 0 | U29: 0 | V29: 9169 | W29: -1167 | X29: -8177 | Y29: -1221 | Z29: 1112 | AA29: -9559 | AB29: -4479
B30: =IF(Menu!$K$32="PT",Data!J28,Data!I28) -> Provisão de ITBI | C30: 0 | D30: 0 | E30: 0 | F30: 0 | G30: 0 | H30: 0 | I30: 0 | J30: 0 | K30: 0 | L30: 0 | M30: 0 | N30: 0 | O30: 7761 | P30: -7761 | Q30: 11516 | R30: 0 | S30: 0 | T30: 0 | U30: 0 | V30: 0 | W30: 0 | X30: 0 | Y30: 0 | Z30: 0 | AA30: 0 | AB30: 0
B31: =IF(Menu!$K$32="PT",Data!H29,Data!G29) -> Provisão para contingências | C31: -87 | D31: -60 | E31: -60 | F31: 530 | G31: -783 | H31: -520 | I31: -227 | J31: -289 | K31: -9 | L31: 256 | M31: 808 | N31: 5040 | O31: 81 | P31: 248 | Q31: 329 | R31: 329 | S31: 53 | T31: 138 | U31: 153 | V31: 172 | W31: 130 | X31: 332 | Y31: 332 | Z31: -2739 | AA31: 364 | AB31: -21
B32: =IF(Menu!$K$32="PT",Data!H30,Data!G30) -> Ágio/deságio na compra de terrenos | C32: 0 | D32: 0 | E32: 0 | F32: 0 | G32: 0 | H32: 0 | I32: 0 | J32: 0 | K32: 0 | L32: 0 | M32: 0 | N32: 0 | O32: 0 | P32: 0 | Q32: 0 | R32: 0 | S32: 0 | T32: 0 | U32: 0 | V32: 20764 | W32: 0 | X32: 0 | Y32: 0 | Z32: 0 | AA32: 0 | AB32: 0
B33: =IF(Menu!$K$32="PT",Data!H31,Data!G31) -> MTM Swap (Marked-to-Market Swap) | C33: 0 | D33: 0 | E33: 0 | F33: 0 | G33: 0 | H33: 0 | I33: 0 | J33: 0 | K33: 0 | L33: 0 | M33: 0 | N33: 0 | O33: 0 | P33: 0 | Q33: 0 | R33: 0 | S33: 0 | T33: 0 | U33: 0 | V33: -26931 | W33: -4322 | X33: -10158 | Y33: -8007 | Z33: -10772 | AA33: 11666 | AB33: 3165
B34: Ajuste ao valor justo CRI | C34: 0 | D34: 0 | E34: 0 | F34: 0 | G34: 0 | H34: 0 | I34: 0 | J34: 0 | K34: 0 | L34: 0 | M34: 0 | N34: 0 | O34: 0 | P34: 0 | Q34: 0 | R34: 0 | S34: 0 | T34: 0 | U34: 0 | V34: 0 | W34: 0 | X34: 0 | Y34: 0 | Z34: 0 | AA34: -3520 | AB34: 0
B35: =IF(Menu!$K$32="PT",Data!H32,Data!G32) -> Ajuste ao valor justo operações de swap | C35: 0 | D35: 0 | E35: 0 | F35: 0 | G35: 0 | H35: 0 | I35: 0 | J35: 0 | K35: 0 | L35: 0 | M35: 0 | N35: 0 | O35: 0 | P35: 0 | Q35: 0 | R35: 0 | S35: 0 | T35: 0 | U35: 8026 | V35: 26932 | W35: 3529 | X35: 11735 | Y35: 10327 | Z35: 12379 | AA35: 0 | AB35: 733
B37: =IF(Menu!$K$32="PT",Data!H34,Data!G34) -> Redução (aumento) nos ativos:
B38: =IF(Menu!$K$32="PT",Data!H35,Data!G35) -> Contas a receber | C38: -54282 | D38: -58038 | E38: -24039 | F38: -69834 | G38: -96008 | H38: -62375 | I38: -66749 | J38: -54241 | K38: -60034 | L38: -56996 | M38: -126156 | N38: -191067 | O38: -115853 | P38: -83109 | Q38: -241460 | R38: -282712 | S38: -147588 | T38: -198427 | U38: -302613 | V38: -295691 | W38: -98913 | X38: -271472 | Y38: -374420 | Z38: -686380 | AA38: -193779 | AB38: -156615
B39: =IF(Menu!$K$32="PT",Data!H36,Data!G36) -> Imóveis a comercializar | C39: 12858 | D39: -55997 | E39: -71784 | F39: 30666 | G39: 47188 | H39: 65087 | I39: 66319 | J39: 61433 | K39: 33789 | L39: 67100 | M39: 121963 | N39: 134156 | O39: 32011 | P39: -108716 | Q39: -97483 | R39: -36731 | S39: 14448 | T39: 135421 | U39: 182356 | V39: 156314 | W39: -134101 | X39: -418987 | Y39: -636622 | Z39: -539973 | AA39: -111488 | AB39: -44338
B40: =IF(Menu!$K$32="PT",Data!H37,Data!G37) -> Tributos a recuperar | C40: -691 | D40: -163 | E40: -191 | F40: 330 | G40: -1255 | H40: -1048 | I40: -810 | J40: -905 | K40: -176 | L40: -3310 | M40: -3950 | N40: -5063 | O40: 1728 | P40: -994 | Q40: 168 | R40: -321 | S40: -609 | T40: -1260 | U40: -3381 | V40: 374 | W40: -2424 | X40: -2357 | Y40: -5877 | Z40: -10613 | AA40: -8074 | AB40: -6055
B41: =IF(Menu!$K$32="PT",Data!H38,Data!G38) -> Outros créditos | C41: -1178 | D41: -2532 | E41: -15229 | F41: -16665 | G41: 2067 | H41: -3398 | I41: -7852 | J41: -5656 | K41: -343 | L41: -7052 | M41: -13123 | N41: 1734 | O41: -7236 | P41: 1625 | Q41: -11316 | R41: -7004 | S41: -16175 | T41: -13749 | U41: -23678 | V41: -30767 | W41: -25693 | X41: -34548 | Y41: -62542 | Z41: -85798 | AA41: -24366 | AB41: -27769
B43: =IF(Menu!$K$32="PT",Data!H40,Data!G40) -> Aumento (redução) nos passivos:
B44: =IF(Menu!$K$32="PT",Data!H41,Data!G41) -> Fornecedores | C44: 6272 | D44: 8650 | E44: 5617 | F44: 3263 | G44: 4345 | H44: 13217 | I44: 21427 | J44: 15327 | K44: 7933 | L44: 11750 | M44: 8035 | N44: 7518 | O44: 2550 | P44: 12295 | Q44: 2022 | R44: -1814 | S44: 20169 | T44: 13918 | U44: 32103 | V44: 25923 | W44: 6522 | X44: 7526 | Y44: 10197 | Z44: 23000 | AA44: 72866 | AB44: 21373
B45: =IF(Menu!$K$32="PT",Data!H42,Data!G42) -> Credores a pagar por aquisição de imóveis | C45: -16851 | D45: 22994 | E45: 2351 | F45: -99237 | G45: -26107 | H45: -52673 | I45: -86205 | J45: -115084 | K45: -27359 | L45: -58354 | M45: -85715 | N45: -129373 | O45: -55978 | P45: 163670 | Q45: 146785 | R45: 158295 | S45: 4432 | T45: -57337 | U45: -33711 | V45: -70296 | W45: 82500 | X45: 360060 | Y45: 517728 | Z45: 567241 | AA45: -61461 | AB45: -3823
B46: =IF(Menu!$K$32="PT",Data!H43,Data!G43) -> Obrigações sociais e tributárias | C46: 1012 | D46: 692 | E46: 1864 | F46: 6245 | G46: -4815 | H46: 2527 | I46: 6183 | J46: 4648 | K46: -2284 | L46: -7182 | M46: 2246 | N46: 1959 | O46: -6904 | P46: 284 | Q46: 709 | R46: 261 | S46: -143 | T46: 1002 | U46: -3799 | V46: 6437 | W46: 434 | X46: -3561 | Y46: 13088 | Z46: -6951 | AA46: 9116 | AB46: 9323
B47: =IF(Menu!$K$32="PT",Data!H44,Data!G44) -> Provisão de impostos de recolhimentos diferidos | C47: 0 | D47: 0 | E47: 0 | F47: 0 | G47: 0 | H47: 0 | I47: 0 | J47: 0 | K47: 0 | L47: 0 | M47: 0 | N47: 0 | O47: 0 | P47: 0 | Q47: 0 | R47: 0 | S47: 0 | T47: 0 | U47: 0 | V47: 0 | W47: 0 | X47: 0 | Z47: 0 | AA47: 0 | AB47: 0
B48: =IF(Menu!$K$32="PT",Data!H45,Data!G45) -> Adiantamentos de clientes | C48: 3302 | D48: 2751 | E48: -2490 | F48: -9038 | G48: 5351 | H48: 8318 | I48: 4932 | J48: -517 | K48: 9084 | L48: 11323 | M48: 9123 | N48: 555 | O48: 46517 | P48: 662 | Q48: 66663 | R48: 84321 | S48: 37166 | T48: 25228 | U48: 19125 | V48: -7513 | W48: -36285 | X48: -10024 | Y48: 29643 | Z48: 31737 | AA48: -18419 | AB48: 14195
B49: =IF(Menu!$K$32="PT",Data!H46,Data!G46) -> Pagamentos dos tributos de IRPJ e CSLL | C49: -4192 | D49: -8338 | E49: -12593 | F49: -18824 | G49: -4408 | H49: -11353 | I49: -18382 | J49: -24625 | K49: -5945 | L49: -13505 | M49: -20771 | N49: -29640 | O49: -7202 | P49: -8877 | Q49: -27016 | R49: -37705 | S49: -14032 | T49: -26752 | U49: -27439 | V49: -54025 | W49: -13750 | X49: -26095 | Y49: -52060 | Z49: -52060 | AA49: -40446 | AB49: -20159
B50: =IF(Menu!$K$32="PT",Data!H47,Data!G47) -> Pagamentos de contingências | C50: -13 | D50: -40 | E50: -40 | F50: -841 | G50: -66 | H50: -207 | I50: -511 | J50: -533 | K50: 0 | L50: -97 | M50: -185 | N50: -203 | O50: -139 | P50: -41 | Q50: -973 | R50: -1159 | S50: 0 | T50: 0 | U50: -106 | V50: -130 | W50: 0 | X50: 0 | Y50: -31 | Z50: -31 | AA50: 0 | AB50: 0
B51: =IF(Menu!$K$32="PT",Data!H48,Data!G48) -> Direito de uso de aluguel a pagar | C51: 0 | D51: -446 | E51: -1293 | F51: 0 | G51: 0 | H51: 0 | I51: 0 | J51: 0 | K51: 0 | L51: 0 | M51: 0 | N51: 0 | O51: 0 | P51: 0 | Q51: 0 | R51: 0 | S51: 0 | T51: 0 | U51: 0 | V51: 0 | W51: 0 | X51: 0 | Y51: 0 | Z51: 0 | AA51: 0 | AB51: 0
B52: =IF(Menu!$K$32="PT",Data!H49,Data!G49) -> Outros débitos com terceiros - SCP's | C52: 0 | D52: 929 | E52: 1568 | F52: 196 | G52: 901 | H52: 1215 | I52: 1182 | J52: 1731 | K52: 456 | L52: 951 | M52: 1676 | N52: 28233 | O52: 241 | P52: -24559 | Q52: -22491 | R52: -18485 | S52: -2292 | T52: -1992 | U52: -12999 | V52: -12488 | W52: 928 | X52: 106 | Y52: 122 | Z52: -479 | AA52: 360 | AB52: 0
B53: =IF(Menu!$K$32="PT",Data!H50,Data!G50) -> Outras contas a pagar | C53: 0 | D53: 0 | E53: 0 | F53: 0 | G53: 0 | H53: 0 | I53: 0 | J53: 0 | K53: 64 | L53: 0 | M53: 0 | N53: 3 | O53: -3 | P53: 1 | Q53: -3 | R53: 0 | S53: 0 | T53: 0 | U53: 0 | V53: 0 | W53: 0 | X53: 0 | Y53: 0 | Z53: -1856 | AA53: 279 | AB53: 39514
B54: =IF(Menu!$K$32="PT",Data!H51,Data!G51) -> Caixa líquido proveniente das (utilizado nas) atividades operacionais | C54: -22759 | D54: -17735 | E54: -2615 | F54: 739 | G54: -3892 | H54: 59826 | I54: 71152 | J54: 73711 | K54: 3735 | L54: 42106 | M54: 56401 | N54: 68614 | O54: -20220 | P54: 68373 | Q54: 144959 | R54: 314660 | S54: 3297 | T54: 112225 | U54: 222093 | V54: 289753 | W54: -90347 | X54: -118863 | Y54: -116493 | Z54: -76132 | AA54: =AA9+SUM(AA11:AA53) -> -130278 | AB54: -50800
B56: =IF(Menu!$K$32="PT",Data!H53,Data!G53) -> Fluxo de caixa das atividades de investimento
B57: =IF(Menu!$K$32="PT",Data!H54,Data!G54) -> Aquisições e aportes em investidas | C57: 0 | D57: -27 | E57: -1192 | F57: 0 | G57: 0 | H57: -2000 | I57: -2000 | J57: -2000 | K57: 0 | L57: 0 | M57: 0 | N57: 0 | O57: 0 | P57: 0 | Q57: 0 | R57: 0 | S57: 0 | T57: 0 | U57: 0 | V57: -2815 | W57: 0 | X57: -220 | Y57: -227 | Z57: -227 | AA57: 0 | AB57: 0
B58: =IF(Menu!$K$32="PT",Data!H55,Data!G55) -> Aplicações financeiras | C58: 0 | D58: 0 | E58: 0 | F58: 0 | G58: 0 | H58: 0 | I58: 0 | J58: 0 | K58: 0 | L58: 0 | M58: 0 | N58: 0 | O58: 0 | P58: 0 | Q58: 0 | R58: 0 | S58: 0 | T58: -18 | U58: -18 | V58: -18 | W58: 0 | X58: 644 | Y58: 644 | Z58: 644 | AA58: 0 | AB58: 0
B59: =IF(Menu!$K$32="PT",Data!H56,Data!G56) -> Debêntures adquiridas | C59: 0 | D59: 0 | E59: 0 | F59: 0 | G59: 0 | H59: 0 | I59: 0 | J59: 0 | K59: 0 | L59: 0 | M59: 0 | N59: -552 | O59: 0 | P59: 0 | Q59: 0 | R59: -74 | S59: 0 | T59: 0 | U59: 0 | V59: 0 | W59: 0 | X59: 0 | Y59: 0 | Z59: 0 | AA59: 0 | AB59: 0
B60: =IF(Menu!$K$32="PT",Data!H57,Data!G57) -> Baixa de investimentos - venda de participação | C60: 0 | D60: 0 | E60: 0 | F60: 0 | G60: 0 | H60: 0 | I60: 0 | J60: 0 | K60: 0 | L60: 0 | M60: 0 | N60: 0 | O60: 0 | P60: 0 | Q60: 0 | R60: 0 | S60: 0 | T60: 0 | U60: 0 | V60: 0 | W60: 0 | X60: 0 | Y60: 0 | Z60: 0 | AA60: 0 | AB60: 0
B61: =IF(Menu!$K$32="PT",Data!H58,Data!G58) -> Aumento/redução em aplicações financeiras com restrições | C61: 0 | D61: 0 | E61: 0 | F61: 0 | G61: 0 | H61: 0 | I61: 0 | J61: -91033 | K61: 15664 | L61: 11712.455 | M61: -3267 | N61: 5239 | O61: 13685 | P61: -91677 | Q61: -59278 | R61: -27434 | S61: 44022 | T61: -33726 | U61: 32533 | V61: 45524 | W61: 18849 | X61: 12237 | Y61: 36977 | Z61: 48196 | AA61: 11781 | AB61: 8066
B62: =IF(Menu!$K$32="PT",Data!H59,Data!G59) -> Dividendos recebidos | C62: 0 | D62: 0 | E62: 0 | F62: 0 | G62: 0 | H62: 0 | I62: 0 | J62: 0 | K62: 0 | L62: 0 | M62: 0 | N62: 0 | O62: 0 | P62: 0 | Q62: 0 | R62: 0 | S62: 0 | T62: 0 | U62: 0 | V62: 0 | W62: 0 | X62: 0 | Y62: 0 | Z62: 0 | AA62: 0 | AB62: 0
B63: =IF(Menu!$K$32="PT",Data!H60,Data!G60) -> Movimentação em não controladores | C63: 0 | D63: 0 | E63: 0 | F63: 0 | G63: -13 | H63: -14 | I63: -15 | J63: -13 | K63: 0 | L63: 0 | M63: 0 | N63: -126 | O63: 0 | P63: 1562 | Q63: 37173 | R63: 21860 | S63: -7481 | T63: -9482 | U63: 17914 | V63: 11187 | W63: -18770 | X63: -24355 | Y63: -26037 | Z63: -9752 | AA63: -36358 | AB63: -19042
B64: =IF(Menu!$K$32="PT",Data!H61,Data!G61) -> Adiantamento para futuro aumento de capital | C64: 0 | D64: 0 | E64: 0 | F64: 0 | G64: 0 | H64: 0 | I64: 0 | J64: 0 | K64: 0 | L64: 0 | M64: 0 | N64: 0 | O64: 0 | P64: -11938 | Q64: 0 | R64: 0 | S64: 0 | T64: - | U64: - | V64: - | W64: - | X64: - | Y64: 0 | Z64: 0 | AA64: 0 | AB64: 0
B65: =IF(Menu!$K$32="PT",Data!H62,Data!G62) -> Acréscimo/baixa do imobilizado e intangível | C65: -3432 | D65: -5467 | E65: -9802 | F65: -11739 | G65: -6594 | H65: -13599 | I65: -19642 | J65: -24841 | K65: -2779 | L65: -13441 | M65: -19592 | N65: -26605 | O65: -1323 | P65: -2414 | Q65: -10663 | R65: -18308 | S65: -10417 | T65: -23257 | U65: -29476 | V65: -34963 | W65: -6405 | X65: -14984 | Y65: -23966 | Z65: -26810 | AA65: -6395 | AB65: -2904
B66: =IF(Menu!$K$32="PT",Data!H63,Data!G63) -> Caixa líquido gerado pelas atividades de investimento | C66: -3432 | D66: -5494 | E66: -10994 | F66: -11739 | G66: -6607 | H66: -15613 | I66: -21657 | J66: -117887 | K66: 12885 | L66: -1728.545 | M66: -22859 | N66: -22044 | O66: 12362 | P66: -104467 | Q66: -32768 | R66: -23956 | S66: 26124 | T66: -66483 | U66: 20953 | V66: 18915 | W66: -6326 | X66: -26678 | Y66: -12609 | Z66: 12051 | AA66: =SUM(AA57:AA65) -> -30972 | AB66: -13880
B68: =IF(Menu!$K$32="PT",Data!H65,Data!G65) -> Fluxo de caixa das atividades de financiamento
B69: =IF(Menu!$K$32="PT",Data!H66,Data!G66) -> Dividendos pagos | C69: 0 | D69: 0 | E69: 0 | F69: 0 | G69: 0 | H69: -40000 | I69: -40000 | J69: -40000 | K69: 0 | L69: -32083 | M69: -32083 | N69: -32083 | O69: 0 | P69: -31749 | Q69: -31749 | R69: -31749 | S69: -100000 | T69: -100000 | U69: -109600 | V69: -118484 | W69: -200000 | X69: -200000 | Y69: -200000 | Z69: -200000 | AA69: 0 | AB69: 0
B70: =IF(Menu!$K$32="PT",Data!H67,Data!G67) -> Partes relacionadas | C70: 3687 | D70: 544 | E70: 151 | F70: -2562 | G70: 11186 | H70: -2421 | I70: -2160 | J70: -1871 | K70: 313 | L70: -11000 | M70: -11000 | N70: -7091 | O70: -462 | P70: 0 | Q70: -13765 | R70: 2257 | S70: -33 | T70: -33 | U70: -9 | V70: 49053 | W70: -10496 | X70: -14289 | Y70: -8796 | Z70: -43116 | AA70: 6587 | AB70: 4674
B71: Antecipação de recebíveis | Y71: 137934 | Z71: 259688 | AA71: 0 | AB71: 0
B72: =IF(Menu!$K$32="PT",Data!H68,Data!G68) -> Integralização de capital | C72: 0 | D72: 0 | E72: 40006 | F72: 40006 | G72: 0 | H72: 0 | I72: 0 | J72: 0 | K72: 0 | L72: 0 | M72: 0 | N72: 0 | O72: 0 | P72: 0 | Q72: 0 | R72: 0 | S72: 0 | T72: 0 | U72: 0 | V72: 0 | W72: 0 | X72: 0 | Y72: 0 | Z72: 0 | AA72: 0 | AB72: 0
B73: =IF(Menu!$K$32="PT",Data!H69,Data!G69) -> Aquisição de ações próprias para manutenção em tesouraria | C73: 0 | D73: 0 | E73: 0 | F73: 0 | G73: 0 | H73: 0 | I73: -1527 | J73: -8175 | K73: -7691 | L73: -11009 | M73: -11009 | N73: -11009 | O73: 0 | P73: 0 | Q73: 0 | R73: 0 | S73: 0 | T73: 0 | U73: 0 | V73: 0 | W73: 0 | X73: 0 | Y73: 0 | Z73: 0 | AA73: 0 | AB73: 0
B74: =IF(Menu!$K$32="PT",Data!H70,Data!G70) -> Alienação de ações em tesouraria - plano de opções | C74: 0 | D74: 0 | E74: 0 | F74: 0 | G74: 0 | H74: 0 | I74: 359 | J74: 867 | K74: 520 | L74: 0 | M74: 0 | N74: 0 | O74: 0 | P74: 0 | Q74: 0 | R74: 0 | S74: 0 | T74: 0 | U74: 2421 | V74: 4270 | W74: 3229 | X74: 28994 | Y74: 28994 | Z74: 28994 | AA74: 0 | AB74: 0
B75: =IF(Menu!$K$32="PT",Data!H71,Data!G71) -> Custos de transação capitalizados | C75: 0 | D75: 0 | E75: -4671 | F75: -6997 | G75: 0 | H75: 0 | I75: 0 | J75: 0 | K75: 0 | L75: 0 | M75: 0 | N75: 0 | O75: 0 | P75: 0 | Q75: 0 | R75: 0 | S75: 0 | T75: 0 | U75: 0 | V75: 0 | W75: 0 | X75: 0 | Y75: 0 | Z75: 0 | AA75: 0 | AB75: 0
B76: Cessão de direitos sobre recebíveis | C76: 0 | D76: 0 | E76: 0 | F76: 0 | G76: 0 | H76: 0 | I76: 0 | J76: 0 | K76: 0 | L76: 0 | M76: 0 | N76: 0 | O76: 0 | P76: 0 | Q76: 0 | R76: 0 | S76: 0 | T76: 0 | U76: 0 | V76: 0 | W76: 0 | X76: 0 | Y76: 0 | Z76: 0 | AA76: 44160 | AB76: 16238
B77: Pagamento de debêntures e CRI | C77: 0 | D77: 0 | E77: 0 | F77: 0 | G77: 0 | H77: -715 | I77: -715 | J77: -1290 | K77: -1710 | L77: -2101 | M77: -14283 | N77: -28221 | O77: -13347 | P77: 0 | Q77: -38482 | R77: -38482 | S77: 0 | T77: 0 | U77: 0 | V77: 0 | W77: -16213 | X77: -16213 | Y77: -33242 | Z77: -33242 | AA77: -41113 | AB77: -41112
B78: =IF(Menu!$K$32="PT",Data!H73,Data!G73) -> Pagamento de empréstimos e financiamentos | C78: -64100 | D78: -128444 | E78: -249396 | F78: -412877 | G78: -72523 | H78: -218241 | I78: -365710 | J78: -454593 | K78: -126957 | L78: -294531 | M78: -424197 | N78: -607382 | O78: -145828 | P78: -209483 | Q78: -542494 | R78: -762779 | S78: -90632 | T78: -155011 | U78: -470658 | V78: -563640 | W78: -65333 | X78: -146262 | Y78: -279629 | Z78: -372320 | AA78: -190826 | AB78: -66431
B79: =IF(Menu!$K$32="PT",Data!H74,Data!G74) -> Pagamento de arrendamentos | C79: 0 | D79: 0 | E79: 0 | F79: -1692 | G79: -1031 | H79: -1781 | I79: -2359 | J79: -1987 | K79: -1533 | L79: -2137 | M79: -2772 | N79: -3510 | O79: -795 | P79: -655 | Q79: -1964 | R79: -2883 | S79: -622 | T79: -1646 | U79: -2838 | V79: -3713 | W79: -1226 | X79: -2287 | Y79: -3702 | Z79: -4059 | AA79: -2091 | AB79: -1230
B80: =IF(Menu!$K$32="PT",Data!H75,Data!G75) -> Debêntures captadas | C80: 0 | D80: 0 | E80: 0 | F80: 0 | G80: 60000 | H80: 60000 | I80: 60000 | J80: 60000 | K80: 0 | L80: 0 | M80: 0 | N80: 0 | O80: 0 | P80: 0 | Q80: 0 | R80: 0 | S80: 0 | T80: 0 | U80: 356518 | V80: 371543 | W80: 0 | X80: 0 | Y80: 0 | Z80: 0 | AA80: 0 | AB80: 0
B81: Emissão de CRI's | Y81: 341930 | Z81: 341930 | AA81: 0 | AB81: 0
B82: =IF(Menu!$K$32="PT",Data!H76,Data!G76) -> Empréstimos e financiamentos captados | C82: 101859 | D82: 230405 | E82: 366579 | F82: 440417 | G82: 88686 | H82: 200900 | I82: 322347 | J82: 487340 | K82: 121599 | L82: 326584 | M82: 452631 | N82: 696625 | O82: 105719 | P82: 247486 | Q82: 463117 | R82: 600877 | S82: 63272 | T82: 129881 | U82: 278475 | V82: 373888 | W82: 68884 | X82: 260130 | Y82: 356895 | Z82: 445894 | AA82: 127691 | AB82: 94844
B83: =IF(Menu!$K$32="PT",Data!H77,Data!G77) -> Caixa líquido aplicado nas atividades de financiamento | C83: 41446 | D83: 102505 | E83: 152669 | F83: 56295 | G83: 86318 | H83: -2258 | I83: -29765 | J83: 40291 | K83: -15459 | L83: -26277 | M83: -42713 | N83: 7329 | O83: -54713 | P83: 5599 | Q83: -165337 | R83: -232759 | S83: -128015 | T83: -126809 | U83: 54309 | V83: 112917 | W83: -221155 | X83: -89927 | Y83: 340384 | Z83: 423769 | AA83: =SUM(AA69:AA82) -> -55592 | AB83: 6983
B85: =IF(Menu!$K$32="PT",Data!H79,Data!G79) -> Aumento (redução) de Caixa e equivalentes de caixa | C85: 15255 | D85: 79276 | E85: 139060 | F85: 45295 | G85: 75819 | H85: 41955 | I85: 19730 | J85: -3885 | K85: 1161 | L85: 14100.455 | M85: -9171 | N85: 53899 | O85: -62571 | P85: -30495 | Q85: -53146 | R85: 57945 | S85: -98594 | T85: -81067 | U85: 297355 | V85: 421585 | W85: -317828 | X85: -235468 | Y85: 211282 | Z85: 359688 | AA85: =AA83+AA66+AA54 -> -216842 | AB85: =AB83+AB66+AB54 -> -57697
B87: =IF(Menu!$K$32="PT",Data!H81,Data!G81) -> Caixa e equivalentes de caixa
B88: =IF(Menu!$K$32="PT",Data!H82,Data!G82) -> No início do exercício | C88: 158928 | D88: 158928 | E88: 158928 | F88: 158928 | G88: 204223 | H88: 204223 | I88: 204223 | J88: 204223 | K88: 200338 | L88: 200338 | M88: 200338 | N88: 200338 | O88: 254237 | P88: 254237 | Q88: 254237 | R88: 254237 | S88: 312182 | T88: 312182 | U88: 312182 | V88: 312182 | W88: 733767 | X88: 733767 | Y88: 733767 | Z88: 733767 | AA88: 1093455 | AB88: 1093455
B89: =IF(Menu!$K$32="PT",Data!H83,Data!G83) -> No fim do exercício | C89: 174183 | D89: 238204 | E89: 297988 | F89: 204223 | G89: 280042 | H89: 246178 | I89: 223953 | J89: 200338 | K89: 201499 | L89: 214438.46 | M89: 191167 | N89: 254237 | O89: 191666 | P89: -30495 | Q89: 201091 | R89: 312182 | S89: 213588 | T89: 231115 | U89: 609537 | V89: 733767 | W89: 415939 | X89: 498299 | Y89: 945049 | Z89: 1093455 | AA89: 876613 | AB89: 1035758
B91: =IF(Menu!$K$32="PT",Data!H85,Data!G85) -> Aumento (redução) de Caixa e equivalentes de caixa | C91: -15255 | D91: -79276 | E91: -139060 | F91: -45295 | G91: -75819 | H91: -41955 | I91: -19730 | J91: 3885 | K91: -1161 | L91: -14100.455 | M91: 9171 | N91: -53899 | O91: 62571 | P91: 30495 | Q91: 53146 | R91: -57945 | S91: 98594 | T91: -81067 | U91: 297355 | V91: 421585 | W91: -317828 | X91: -235468 | Y91: 211282 | Z91: 359688 | AA91: =AA88-AA89 -> 216842 | AB91: =AB89-AB88 -> -57697
